 Dungeon Crawl Stone Soup version 0.23-a0-391-g8c51ad5 (webtiles) character file.

498605 Velros the Sniper (level 26, -13/179 HPs)
             Began as a Kobold Berserker on Oct 30, 2018.
             Was a High Priest of Trog.
             Mangled by a profane servitor
             ... wielding a +2 antimagic demon whip
              (27 damage)
             ... on level 4 of the Abyss.
             The game lasted 03:47:09 (76744 turns).

Velros the Sniper (Kobold Berserker)               Turns: 76744, Time: 03:47:10

Health: -13/179    AC: 22    Str: 32    XL:     26   Next: 45%
Magic:  0/32       EV: 31    Int:  7    God:    Trog [*****.]
Gold:   3636       SH:  0    Dex: 13    Spells: 25/25 levels left

rFire    . . .     SeeInvis +   b - +8 triple crossbow (freeze)
rCold    . . .     Gourm    .   (shield currently unavailable)
rNeg     . . .     Faith    .   J - +1 robe of Syndicalism {rElec Str+3 Int-3}
rPois    .         Spirit   +   u - +2 helmet
rElec    +         Reflect  .   E - +2 cloak {+Inv}
rCorr    .         Harm     .   y - +2 pair of gloves
MR       +++..                  K - +2 pair of boots
Stlth    +++++.....             G - amulet of guardian spirit (curse) {Spirit}
HPRegen  1.00/turn              Y - +4 ring of protection
MPRegen  0.23/turn              S - ring of see invisible

@: mighty, about to teleport, recuperating, diseased, wreathed by umbra, drained
A: small, carnivore, clumsy 1
}: 2/15 runes: decaying, gossamer
a: Berserk, Trog's Hand, Brothers in Arms, Renounce Religion, Evoke Invisibility


You were on level 4 of the Abyss.
You worshipped Trog.
Trog was extremely pleased with you.
You were full.

You visited 8 branches of the dungeon, and saw 42 of its levels.
You visited the Abyss 1 time.
You also visited: Sewer and Volcano.

You collected 5813 gold pieces.
You spent 2177 gold pieces at shops.

Inventory:

Hand Weapons
 a - a +12 quick blade of flaming
 b - a +8 triple crossbow of freezing (weapon)
 c - a +7 arbalest of velocity
 d - a +1 arbalest of flaming
 w - a +2 arbalest of freezing
 O - a +3 antimagic rapier
Missiles
 P - 1000 bolts (quivered)
Armour
 s - the +9 plate armour of Happiness {Dex+3}
   (You found it on level 3 of the Depths)

   It affects your dexterity (+3).
 u - a +2 helmet (worn)
 y - a +2 pair of gloves (worn)
 E - a +2 cloak of invisibility (worn)
 J - the +1 robe of Syndicalism (worn) {rElec Str+3 Int-3}
   (You found it on level 1 of the Elven Halls)

   It affects your strength (+3).
   It affects your intelligence (-3).
   It insulates you from electricity.
 K - a +2 pair of boots (worn)
 W - a +1 crystal plate armour
Jewellery
 g - an uncursed ring of protection from magic
 m - an uncursed ring of protection from magic
 v - a +4 ring of protection
 F - the ring "Vessit" {rF+ Slay+2}
   (You found it on level 3 of the Depths)

   [ring of protection from fire]

   It affects your accuracy and damage with ranged weapons and melee attacks
   (+2).
   It protects you from fire.
 G - a cursed amulet of guardian spirit (around neck) {Spirit}
 I - an uncursed ring of protection from cold
 M - an uncursed ring of protection from magic
 Q - a +6 ring of dexterity
 S - a ring of see invisible (right hand)
 T - the ring "Iraav" {rElec rPois rN+ Dex+2}
   (You found it on level 4 of the Dungeon)

   [ring of positive energy]

   It affects your dexterity (+2).
   It insulates you from electricity.
   It protects you from poison.
   It protects you from negative energy.
 Y - a +4 ring of protection (left hand)
Wands
 j - a wand of acid (7)
 C - a wand of iceblast (10)
 D - a wand of digging (16)
 L - a wand of polymorph (9)
 N - a wand of flame (14)
Scrolls
 e - 4 scrolls of fear
 f - 6 scrolls of fog
 i - 13 scrolls of identify
 o - 2 scrolls of magic mapping {!r}
 q - 15 scrolls of remove curse
 t - 4 scrolls of teleportation
 B - 2 scrolls of blinking {!r}
 U - 2 scrolls of immolation {!r}
 Z - a scroll of enchant armour
Potions
 h - 13 potions of mutation {!q}
 l - 9 potions of flight
 n - 7 potions of brilliance
 p - 3 potions of magic
 r - 6 potions of haste
 x - 3 potions of might
 z - 7 potions of agility
 A - a potion of ambrosia
 H - 7 potions of cancellation
 R - a potion of invisibility
 X - a potion of resistance
Comestibles
 k - a chunk of flesh
 V - 63 rations


   Skills:
 - Level 22.0(20.8) Fighting
 - Level 12.1(11.2) Short Blades
 - Level 26.0(24.7) Crossbows
 - Level 13.0(12.0) Armour
 + Level 24.0(22.8) Dodging
 - Level 15.0(14.0) Stealth
 - Level 13.0(12.0) Evocations


You had 25 spell levels left.
You didn't know any spells.
Your spell library contained the following spells:

 Spells                   Type           Power        Failure   Level  Hunger
 Animate Skeleton         Necr           N/A          43%         1    ##.....
 Apportation              Tloc           #.....       43%         1    ##.....
 Beastly Appendage        Tmut           #.....       43%         1    ##.....
 Confusing Touch          Hex            #.....       43%         1    ##.....
 Pain                     Necr           #...         43%         1    ##.....
 Summon Small Mammal      Summ           #...         43%         1    ##.....
 Corpse Rot               Necr           N/A          56%         2    ###....
 Sublimation of Blood     Necr           #.........   56%         2    ###....
 Ignite Poison            Fire/Tmut/Pois #.......     80%         3    ####...
 Spider Form              Tmut/Pois      #.........   80%         3    ####...
 Agony                    Necr           #.......     100%        5    ######.
 Excruciating Wounds      Chrm/Necr      #.........   100%        5    ######.
 Irradiate                Conj/Tmut      #.........   100%        5    ######.
 Statue Form              Tmut/Erth      #........    100%        6    #######


Dungeon Overview and Level Annotations

Branches:
Dungeon (15/15)            Temple (0/1) D:4            Lair (6/6) D:10
  Swamp (4/4) Lair:4       Spider (4/4) Lair:3        Slime (0/5) Lair:5
    Orc (2/2) D:12            Elf (3/3) Orc:2        Vaults (4/5) D:14
  Crypt (0/3) Vaults:2     Depths (4/5) D:15

Altars:
Ashenzari
Cheibriados
Dithmenos
Kikubaaqudgha
Nemelex Xobeh
Okawaru
Qazlal
Ru
Trog
Uskayaw
Vehumet
Xom
Zin
Beogh
Jiyva

Shops:
D:7 (   Orc:2 **[=*   Vaults:2 }   Vaults:4 :

Portals:
Hell: Depths:1 Depths:2 Depths:3
Abyss: Depths:1 Depths:4
Pandemonium: Depths:2 Depths:3
Ziggurat: Depths:3
Trove: Elf:1 (give 18 potions of curing)

Annotations:
D:5 Blork the orc, Sigmund
D:10 exclusion: Urug, Urug
Lair:3 exclusion: oklob plant
Swamp:1 2 transporters, Peneaqae's ghost, adept DsAK
Vaults:3 1 runed door, Vapoch's ghost, adept MiFi


Innate Abilities, Weirdness & Mutations

You are small and have problems with some larger weapons.
You are carnivorous and can eat meat at any time.
You are clumsy. (Dex -2)


Message History

The profane servitor hits you with a +2 antimagic demon whip!!
* * * LOW HITPOINT WARNING * * *
The profane servitor draws strength from your injuries!
The profane servitor completely misses you.
You take 34 damage, and have 41/179 hp.
The ancient zyme misses you. The ancient zyme closely misses you.
As you read the scroll of teleportation, it crumbles to dust.
You feel strangely unstable.
You feel the power of the Abyss delaying your translocation!
The profane servitor hits you with a +2 antimagic demon whip!!
* * * LOW HITPOINT WARNING * * *
The profane servitor draws strength from your injuries!
The profane servitor hits you with a +2 antimagic demon whip.
* * * LOW HITPOINT WARNING * * *
You feel drained.
* * * LOW HITPOINT WARNING * * *
The ancient zyme hits you but does no damage.
The ancient zyme misses you.
You feel ill.
The profane servitor hits you with a +2 antimagic demon whip!!
You die...

(.. .. #§..
#. ##D.##.
..#§§#.
...#§§§ .
.#§§§§ .
.###§G##
#...# #§A## #
# ##(@# .#. #
#.x.# #
...#.#.#.#...
. # .
.#..#..#. # .
X # ....#...
# .#
...#....#.##
. ##....
#.#.# . ... .
#..# . .#
#.......


You could see a profane servitor, a swamp dragon, a great orb of eyes and an
ancient zyme.

Vault maps used:
D:1:      elethiomel_arrival_quiet, st_stairs_13, xom_teletrap_fun
D:2:      ashenzari_conservatory_becter
D:4:      vehumet_crystals, chequers_temple_overflow_statue_of_worship,
          minmay_temple_entry_grid, uniq_grinder
D:5:      basic_altar, first_ration, gammafunk_ghost_grave, uniq_sigmund,
          uniq_ijyb, uniq_blork_the_orc, uniq_eustachio
D:6:      grunt_temple_overflow_open, cheibrodos_sewer_entry_drain
D:7:      grunt_dithmenos_shadows, serial_shops, shop
D:8:      nicolae_ru_awakened_eye, hangedman_ranch
D:9:      lemuel_zombie_altar_kikubaaqudgha, small_chamber_with_monster
D:10:     erik_lair_dragon, minmay_bent, uniq_urug
D:11:     serial_undead, serial_undead_c, serial_undead_a, serial_undead_b,
          serial_undead_e, nicolae_benzene_ring, kennysheep_generic_room_6
D:12:     minmay_the_grid_square_5x5_3x3, hangedman_decor_push, spider_trap,
          uniq_nergalle
D:13:     minivault_1, hangedman_weighted_door
D:14:     hangedman_vaults_entry_quadrant_bands, nrook_mini_backslash,
          st_stairs_5, minmay_misc_feat_room, uniq_frances
D:15:     gammafunk_depths_entry_grave, basic_altar
Lair:2:   nicolae_volcano_entry_lava_flow, lemuel_fruit_fields
Lair:3:   cheibrodos_lair_river_kwai, spider_nest_entry_webs,
          minmay_lair_oklob_chamber
Lair:4:   minmay_swamp_entry_wisps, beast_lair_carwin_4, grunt_megastairs_2
Lair:5:   beast_lair_carwin_large_4, slime_altar_1, lookout_lair_type,
          serial_bayou_lagoon_a
Lair:6:   evilmike_catoblepas_cave, columned_hall_lemuel,
          infiniplex_staircase_pool_2
Swamp:1:  gammafunk_ghost_arena, basic_altar
Swamp:2:  evilmike_swamp_ruin_house_2
Swamp:3:  evilmike_swamp_ruin_rubble_1, swamp_pool5, uniq_kirke, uniq_jorgrun
Swamp:4:  swamp_fiery, uniq_roxanne
Spider:3: cheibrodos_forgotten_conduit
Spider:4: johnstein_spider_rune_arachne_lair, uniq_arachne
Orc:2:    st_orc_town, serial_shops, shop
Elf:1:    elf_arrival_001, enter_trove_0, minmay_elf_necromancy
Elf:2:    st_stairs_5
Elf:3:    minmay_elf_hall_hex, uniq_saint_roka
Vaults:1: vaults_mumra_minichess_inversion, ontoclasm_vaults_ligature,
          hangedman_vaults_stagger, nicolae_vaults_triangles, vaults_room_boxed,
          hangedman_vaults_restitches, ontoclasm_vaults_bender, v_misc_18,
          v_alt_pattern_1, nicolae_vaults_little_squares_1,
          ontoclasm_vaults_ring_small, nicolae_vaults_know_your_exits,
          ontoclasm_vaults_pinch
Vaults:2: hangedman_vaults_locks, nicolae_vaults_big_ls, v_misc_5,
          minmay_crypt_entry_simple_sparse, hangedman_vaults_restitches,
          vaults_mumra_chevron_long, nicolae_vaults_network_s,
          vaults_room_door_ring, nicolae_vaults_specimen_jars, v_pattern_3,
          ontoclasm_vaults_fault, vaults_room_octagon, v_alt_pattern_3,
          v_misc_16, nicolae_vaults_little_squares_1, serial_shops, shop_statue
Vaults:3: gammafunk_vaults_ghost_grave, nicolae_vaults_theta,
          nicolae_vaults_mini_display_case, nicolae_vaults_branching_niches,
          v_misc_10, v_rooms_2, nicolae_vaults_bisected_exclaves
Vaults:4: hangedman_vaults_cutoff, ontoclasm_vaults_ring_square,
          nicolae_vaults_arrows, v_alt_pattern_4, ontoclasm_vaults_twist,
          hangedman_vaults_trim, grunt_vaults_twisty, hangedman_vaults_trim,
          hangedman_vaults_maws, serial_shops, shop, basic_altar, uniq_jory,
          uniq_mennas
Depths:1: abyss_entry, grunt_mini_vestibule, nicolae_ashenzari_panopticon
Depths:2: kennysheep_ambush_hall, pf_coc_iceberg, grunt_pan_entry_spiral,
          minmay_staircase_statues
Depths:3: radiant_caverns_b_rkd, pan_entry, serial_shops, hell_entry
Depths:4: grunt_arcs, hell_entry, abyss_entry, rand_demon_pan_entry_1,
          serial_bayou_shore_a, nrook_kobold_shadow_demons,
          infiniplex_staircase_pool_lava
Abyss:4:  minivault_27, evilmike_abyss_exit_15,
          evilmike_abyss_rune_elephants_shrine, hangedman_abyss_or_decor_stabs,
          bh_abyss_xom_lugonu_altar
Sewer:    sewer_co_15_rooms
Volcano:  volcano_pools

Notes
Turn   | Place    | Note
-------+----------+-------------------------------------------
     0 | D:1      | Velros the Kobold Berserker began the quest for the Orb.
     0 | D:1      | Reached XP level 1. HP: 14/14 MP: 1/1
    16 | D:1      | Identified a +2 dagger of venom
    18 | D:1      | Found a shimmering altar of Xom.
    54 | D:1      | Identified a ring of protection from magic (You found it on
                  | level 1 of the Dungeon)
    89 | D:1      | Identified a +0 short sword
   106 | D:1      | HP: 5/21 [rat (3)]
   394 | D:1      | Identified a +0 club
   399 | D:1      | Reached XP level 2. HP: 19/19 MP: 2/2
   530 | D:1      | Reached skill level 5 in Short Blades
   660 | D:1      | Identified a +0 club
   660 | D:1      | Identified a +0 club
   815 | D:1      | Reached XP level 3. HP: 20/23 MP: 3/3
   862 | D:1      | Reached ** piety under Trog
  1098 | D:2      | Identified a +0 club
  1101 | D:2      | Identified a +0 whip
  1110 | D:2      | Identified a +0 club
  1310 | D:2      | Identified a +0 club
  1319 | D:2      | Reached skill level 6 in Short Blades
  1438 | D:2      | Identified a +0 club
  1485 | D:2      | Reached XP level 4. HP: 27/28 MP: 4/4
  1567 | D:2      | Identified a +0 short sword
  1573 | D:2      | Found a shattered altar of Ashenzari.
  1676 | D:2      | Identified a ring of magical power (You found it on level 2
                  | of the Dungeon)
  1910 | D:3      | Identified a +0 mace
  1910 | D:3      | Identified a +0 trident
  1910 | D:3      | Identified a +0 leather armour
  1910 | D:3      | Identified a +0 club
  1910 | D:3      | Identified a +0 ring mail
  1910 | D:3      | Identified a +0 mace
  1910 | D:3      | Identified a +0 leather armour
  1911 | D:3      | Identified a +0 mace
  2118 | D:3      | Identified a +0 whip
  2202 | D:3      | Identified a +0 club
  2209 | D:3      | Identified a +0 dagger
  2209 | D:3      | Identified a +0 hunting sling
  2249 | D:3      | Reached skill level 7 in Short Blades
  2249 | D:3      | Reached XP level 5. HP: 32/32 MP: 5/5
  2564 | D:3      | Identified a +0 short sword
  2564 | D:3      | Identified a +0 leather armour
  2565 | D:3      | Identified a +0 dagger
  2591 | D:3      | Identified a +0 mace
  2591 | D:3      | Identified a +0 whip
  2591 | D:3      | Identified a +0 leather armour
  2591 | D:3      | Identified a +0 dagger
  2591 | D:3      | Identified a +0 robe
  2594 | D:3      | Reached *** piety under Trog
  2599 | D:3      | Reached skill level 8 in Short Blades
  2644 | D:3      | You fall through a shaft!
  2663 | D:4      | Reached XP level 6. HP: 36/37 MP: 6/6
  2720 | D:4      | Noticed Grinder
  2725 | D:4      | Got a bronze leather armour
  2741 | D:4      | HP: 5/37 [Grinder (5)]
  2876 | D:3      | Identified the +2 leather armour "Baadgh" {rF+ Int+5 Dex-2
                  | Slay+3} (You found it on level 4 of the Dungeon)
  2950 | D:3      | Identified a +0 club
  3021 | D:3      | Identified a +0 club
  3021 | D:3      | Identified a +0 leather armour
  3021 | D:3      | Identified a +0 mace
  3022 | D:3      | Identified a +0 mace
  3022 | D:3      | Identified a +0 whip
  3027 | D:3      | Identified a +0 club
  3028 | D:3      | Identified a +0 dagger
  3028 | D:3      | Identified a +0 robe
  3031 | D:3      | Identified a +0 flail
  3031 | D:3      | Identified a +2 leather armour of fire resistance
  3032 | D:3      | Identified a +0 giant club
  3032 | D:3      | Noticed an ogre
  3033 | D:3      | Identified a +0 dagger
  3033 | D:3      | Identified a +0 robe
  3040 | D:3      | Identified a +0 hand axe
  3050 | D:3      | Reached skill level 9 in Short Blades
  3063 | D:3      | Killed an ogre
  3063 | D:3      | Reached XP level 7. HP: 40/41 MP: 7/7
  3289 | D:3      | Identified a +0 short sword
  3289 | D:3      | Identified a +0 ring mail
  3546 | D:4      | Identified a scroll of teleportation
  3574 | D:4      | Identified a scroll of fog
  3575 | D:4      | Identified a scroll of enchant weapon
  3576 | D:4      | Identified 2 scrolls of immolation
  3577 | D:4      | Identified 3 scrolls of identify
  3577 | D:4      | Identified 4 potions of brilliance
  3578 | D:4      | Identified a potion of heal wounds
  3597 | D:4      | Reached skill level 3 in Dodging
  3706 | D:4      | Reached skill level 10 in Short Blades
  3734 | D:5      | Entered Level 5 of the Dungeon
  3744 | D:5      | Identified a +0 giant club
  3759 | D:4      | Identified a +0 crystal plate armour (You found it on level
                  | 5 of the Dungeon)
  3764 | D:5      | Reached skill level 4 in Dodging
  3965 | D:5      | Found a shimmering altar of Xom.
  4042 | D:5      | Identified a ring of protection (You found it on level 5 of
                  | the Dungeon)
  4074 | D:5      | Identified a potion of curing
  4100 | D:5      | Identified a +0 club
  4100 | D:5      | Identified a +0 scale mail
  4100 | D:5      | Noticed Ijyb
  4118 | D:5      | Killed Ijyb
  4119 | D:5      | Identified a +0 dagger
  4119 | D:5      | Identified a +0 robe of the Archmagi
  4119 | D:5      | Identified a +0 short sword
  4119 | D:5      | Identified a +0 scale mail
  4120 | D:5      | Identified a +0 short sword
  4122 | D:5      | Identified a +0 morningstar
  4122 | D:5      | Identified a +0 flail
  4122 | D:5      | Identified a +0 dagger
  4122 | D:5      | Identified a +0 robe
  4122 | D:5      | Identified a +0 flail
  4123 | D:5      | Identified a +0 falchion
  4123 | D:5      | Identified a +0 ring mail
  4143 | D:4      | Found a staircase to the Ecumenical Temple.
  4143 | D:4      | Identified a +0 dagger
  4148 | D:4      | Identified a cursed ring of attention
  4155 | D:4      | Identified a +0 whip
  4159 | D:4      | Killed Grinder
  4159 | D:4      | Reached skill level 4 in Fighting
  4159 | D:4      | Reached skill level 2 in Armour
  4159 | D:4      | Reached XP level 8. HP: 21/48 MP: 8/8
  4160 | D:4      | Identified a +0 war axe
  4168 | D:4      | Reached skill level 5 in Dodging
  4214 | D:4      | Identified a +0 dagger
  4214 | D:4      | Identified a +0 robe
  4216 | D:4      | Identified a +0 short sword
  4285 | D:4      | Identified a +0 hand axe
  4287 | D:4      | Identified a +1 flail of protection
  4287 | D:4      | Identified a +0 leather armour
  4348 | D:4      | Identified a +0 flail
  4348 | D:4      | Identified a +0 leather armour
  4350 | D:4      | Identified a +0 mace
  4351 | D:4      | Found a radiant altar of Vehumet.
  4351 | D:4      | Identified a +0 dagger
  4351 | D:4      | Identified a +0 robe
  4351 | D:4      | Identified a +0 short sword
  4351 | D:4      | Identified a +0 ring mail
  4353 | D:4      | Identified a +0 dagger
  4373 | D:4      | Reached **** piety under Trog
  4488 | D:4      | Found a hide-covered altar of Uskayaw.
  4489 | D:4      | Found a stormy altar of Qazlal.
  4516 | D:4      | Identified a +0 giant club
  4529 | D:4      | Reached skill level 3 in Armour
  4903 | D:4      | Reached skill level 5 in Fighting
  4918 | D:4      | Got a twitching bone ring
  4920 | D:4      | Identified the ring "Iraav" {rElec rPois rN+ Dex+2} (You
                  | found it on level 4 of the Dungeon)
  5147 | D:5      | Identified a +0 hand axe
  5159 | D:5      | Identified a +1 scimitar of distortion
  5159 | D:5      | Identified a +2 robe of magic resistance
  5159 | D:5      | Noticed Blork the orc
  5321 | D:5      | Identified a scroll of blinking
  5347 | D:5      | Identified a +0 scythe
  5347 | D:5      | Identified a +2 robe of positive energy
  5347 | D:5      | Noticed Sigmund
  5421 | D:6      | Identified a +0 giant club
  5613 | D:6      | Found a sparkling altar of Nemelex Xobeh.
  5615 | D:6      | Identified a +0 shortbow
  5639 | D:6      | Reached skill level 6 in Fighting
  5639 | D:6      | Reached skill level 4 in Armour
  5639 | D:6      | Reached XP level 9. HP: 39/55 MP: 9/9
  5682 | D:6      | Found a glowing drain.
  5719 | Sewer    | Entered a sewer
  5791 | Sewer    | Identified a +0 club
  5822 | Sewer    | Identified a +0 club
  5823 | Sewer    | Identified a +0 whip
  5945 | Sewer    | Identified a +0 short sword
  6024 | Sewer    | Identified a +0 short sword
  6025 | Sewer    | Identified a +0 dagger
  6276 | D:6      | Found a snail-covered altar of Cheibriados.
  6276 | D:6      | Found a glowing silver altar of Zin.
  6308 | D:6      | Identified a cursed +0 long sword
  6308 | D:6      | Identified a +0 robe
  6308 | D:6      | Identified a +0 battleaxe
  6308 | D:6      | Identified a +0 robe
  6370 | D:6      | Identified a cursed +4 spear
  6370 | D:6      | Identified a +0 robe
  6371 | D:6      | Identified a +0 flail
  6371 | D:6      | Identified a +0 robe
  6376 | D:6      | Reached skill level 7 in Fighting
  6387 | D:6      | Reached skill level 5 in Armour
  6417 | D:6      | Identified a +0 spear
  6417 | D:6      | Identified a +0 robe
  6514 | D:6      | Identified a +0 dagger
  6514 | D:6      | Identified a +0 flail
  6514 | D:6      | Identified a +0 leather armour
  6514 | D:6      | Identified a +0 dagger
  6514 | D:6      | Identified a +0 robe
  6675 | D:6      | Identified a +0 shortbow
  6747 | D:6      | Identified a +0 cloak (You found it on level 6 of the
                  | Dungeon)
  6853 | D:7      | Found Buatwo's Weapon Emporium.
  6859 | D:7      | Bought a +0 rapier for 60 gold pieces
  6859 | D:7      | Identified a +0 dagger
  6859 | D:7      | Identified a +1 leather armour of fire resistance
  6937 | D:7      | Identified a +0 whip
  6938 | D:7      | Identified a +0 dagger
  6938 | D:7      | Identified a +0 robe
  6939 | D:7      | Identified a +0 club
  6940 | D:7      | Identified a +0 short sword of electrocution
  6940 | D:7      | Identified a +0 leather armour
  7148 | D:7      | Identified a +0 trident
  7148 | D:7      | Identified a +0 chain mail
  7148 | D:7      | Identified a +0 dagger
  7171 | D:7      | Identified a cursed +0 dire flail
  7171 | D:7      | Identified a +0 robe
  7172 | D:7      | Identified a +3 halberd
  7172 | D:7      | Identified a +0 robe
  7191 | D:7      | Reached ***** piety under Trog
  7209 | D:7      | Identified a +2 war axe
  7209 | D:7      | Identified a +0 robe
  7534 | D:7      | Reached skill level 11 in Short Blades
  7536 | D:7      | Reached XP level 10. HP: 64/64 MP: 10/10
  7649 | D:7      | Found a shadowy altar of Dithmenos.
  7989 | D:8      | Reached skill level 12 in Short Blades
  7990 | D:8      | Identified a +0 mace
  8003 | D:8      | Found a sacrificial altar of Ru.
  8014 | D:8      | Identified a +0 dagger of speed
  8014 | D:8      | Identified a +0 robe
  8016 | D:8      | Identified a +0 morningstar
  8016 | D:8      | Identified a +0 chain mail
  8023 | D:8      | Identified a cursed -1 club
  8023 | D:8      | Identified a +0 chain mail
  8029 | D:8      | Reached skill level 8 in Fighting
  8033 | D:8      | Identified a +0 dagger
  8033 | D:8      | Identified a +0 leather armour
  8033 | D:8      | Identified a +0 dagger
  8033 | D:8      | Identified a +0 robe
  8041 | D:8      | Identified a cursed +0 hand axe
  8068 | D:8      | Identified a +0 flail
  8068 | D:8      | Identified a +0 chain mail
  8112 | D:8      | Identified a +0 giant club
  8112 | D:8      | Identified a +0 giant club
  8112 | D:8      | Noticed a two-headed ogre
  8118 | D:8      | Killed a two-headed ogre
  8118 | D:8      | Reached skill level 6 in Armour
  8162 | D:8      | Identified a +0 dagger
  8165 | D:8      | Identified a +0 giant club
  8269 | D:8      | Identified a +0 hand axe
  8269 | D:8      | Identified a +0 hand axe
  8270 | D:8      | Identified a +0 dagger
  8270 | D:8      | Identified a +0 robe
  8270 | D:8      | Identified a +0 dagger
  8270 | D:8      | Identified a +0 robe
  8270 | D:8      | Identified a +0 flail
  8270 | D:8      | Identified a cursed -1 hand axe
  8270 | D:8      | Identified a +0 leather armour
  8270 | D:8      | Identified a cursed -1 falchion
  8271 | D:8      | Identified a cursed -2 war axe
  8271 | D:8      | Identified a +0 chain mail
  8271 | D:8      | Identified a +1 dagger of holy wrath
  8442 | D:8      | Identified a +0 short sword
  8458 | D:8      | Reached skill level 9 in Fighting
  8579 | D:8      | Noticed a three-headed hydra
  8584 | D:8      | Killed a three-headed hydra
  8584 | D:8      | Reached skill level 7 in Armour
  8652 | D:8      | Identified a +0 hand axe
  8652 | D:8      | Identified a +0 club
  8652 | D:8      | Identified a +0 chain mail
  8652 | D:8      | Identified a +0 trident
  8652 | D:8      | Identified a +0 ring mail
  8875 | D:8      | Reached skill level 10 in Fighting
  8875 | D:8      | Reached XP level 11. HP: 72/72 MP: 11/11
  8932 | D:9      | Identified a +2 halberd of freezing
  8932 | D:9      | Identified a +0 robe
  8932 | D:9      | Identified a +5 halberd of freezing
  8932 | D:9      | Identified a +0 robe
  8932 | D:9      | Identified a +4 war axe
  8932 | D:9      | Identified a +0 robe
  8933 | D:9      | Identified a +2 hand axe
  8933 | D:9      | Identified a +0 robe
  9078 | D:8      | Reached skill level 1 in Stealth
  9130 | D:9      | Identified a +5 hand axe
  9130 | D:9      | Identified a +0 robe
  9189 | D:9      | Reached skill level 2 in Stealth
  9278 | D:9      | Identified a +0 flail
  9278 | D:9      | Identified a +0 ring mail
  9280 | D:9      | Identified a +0 short sword
  9280 | D:9      | Identified a +0 chain mail
  9281 | D:9      | Identified a +0 dagger
  9281 | D:9      | Identified a +0 robe
  9283 | D:9      | Identified a cursed -2 dagger
  9382 | D:9      | Identified a +0 giant spiked club
  9382 | D:9      | Identified a +0 dagger
  9382 | D:9      | Identified a +0 ring mail
  9394 | D:9      | Identified a +0 dagger
  9394 | D:9      | Identified a +0 robe
  9399 | D:9      | Identified a +0 hand axe
  9403 | D:9      | Received a gift from Trog
  9403 | D:9      | Identified a +0 flail
  9403 | D:9      | Identified a +0 scale mail
  9412 | D:9      | Identified a +0 dagger
  9413 | D:9      | Reached skill level 3 in Stealth
  9425 | D:9      | Identified a +0 war axe
  9425 | D:9      | Identified a +0 leather armour
  9455 | D:9      | Identified a +0 mace
  9455 | D:9      | Identified a +0 chain mail
  9457 | D:9      | Identified a +0 mace
  9457 | D:9      | Identified a +0 dagger
  9457 | D:9      | Identified a +2 robe of resistance
  9463 | D:9      | Identified a +0 dagger
  9463 | D:9      | Identified a +0 robe
  9489 | D:9      | Identified a +0 giant club
  9489 | D:9      | Identified a cursed -2 giant club
  9489 | D:9      | Noticed a two-headed ogre
  9503 | D:9      | Killed a two-headed ogre
  9503 | D:9      | Reached skill level 8 in Armour
  9503 | D:9      | Reached skill level 4 in Stealth
  9661 | D:9      | Identified a +0 short sword
  9661 | D:9      | Identified a +0 shortbow
  9815 | D:9      | Identified a +0 club
  9815 | D:9      | Identified a +0 ring mail
  9867 | D:9      | Identified a +0 giant club
  9915 | D:9      | Reached skill level 5 in Stealth
  9924 | D:9      | Found an ancient bone altar of Kikubaaqudgha.
 10067 | D:9      | Identified a +0 ring mail
 10067 | D:9      | Identified a +0 trident
 10070 | D:9      | Identified a +0 long sword
 10070 | D:9      | Identified a +0 plate armour
 10073 | D:9      | Identified a +0 morningstar
 10073 | D:9      | Identified a +0 leather armour
 10076 | D:9      | Identified a +0 flail
 10076 | D:9      | Identified a +0 ring mail
 10162 | D:9      | Identified a +2 dagger of draining (Trog gifted it to you
                  | on level 9 of the Dungeon)
 10166 | D:9      | Identified a scroll of brand weapon
 10167 | D:9      | Identified 2 scrolls of enchant armour
 10173 | D:9      | Identified a +1 helmet (You found it on level 7 of the
                  | Dungeon)
 10367 | D:10     | Entered Level 10 of the Dungeon
 10391 | D:9      | Identified +0 acid dragon scales
 10509 | D:9      | Identified a +0 troll leather armour
 10598 | D:10     | Reached skill level 11 in Fighting
 10598 | D:10     | Reached skill level 6 in Stealth
 10799 | D:10     | Identified a +1 eveningstar of freezing
 10799 | D:10     | Identified a +1 chain mail of cold resistance
 10799 | D:10     | Noticed Urug
 10897 | D:10     | Identified a cursed +0 giant club
 10907 | D:10     | Identified a +0 whip
 10907 | D:10     | Identified a +0 leather armour
 10911 | D:10     | Identified a +0 giant club
 10925 | D:10     | Identified a +0 hand axe
 10925 | D:10     | Identified a +0 ring mail
 11007 | D:10     | Identified a +0 shortbow
 11181 | D:10     | Got a faintly glowing rapier
 11182 | D:10     | Identified the cursed +0 rapier of Inference {pierce,
                  | *Noise +Blink Int+9} (You found it on level 10 of the
                  | Dungeon)
 11219 | D:10     | Identified a +0 mace of protection
 11219 | D:10     | Identified a +0 ring mail
 11223 | D:10     | Identified a +0 flail
 11223 | D:10     | Identified a +0 plate armour
 11223 | D:10     | Identified a +0 war axe of freezing
 11223 | D:10     | Identified a +0 leather armour
 11224 | D:10     | Identified a +0 dagger
 11224 | D:10     | Identified a +0 robe
 11226 | D:10     | Identified a +0 shortbow
 11454 | D:10     | Reached XP level 12. HP: 80/80 MP: 12/12
 11779 | D:10     | Found a staircase to the Lair.
 11801 | D:10     | Reached skill level 9 in Armour
 11912 | Lair:1   | Entered Level 1 of the Lair of Beasts
 11978 | Lair:1   | Received a gift from Trog
 12143 | Lair:1   | Reached skill level 12 in Fighting
 13236 | Lair:2   | Found a dark tunnel.
 13327 | Volcano  | Entered a volcano
 13329 | Volcano  | Identified 6 potions of degeneration
 13330 | Volcano  | Identified 4 potions of flight
 13331 | Volcano  | Identified 2 potions of cancellation
 13333 | Volcano  | Identified a ring of fire (You found it on level 9 of the
                  | Dungeon)
 13398 | Volcano  | Identified a +2 arbalest of flaming
 13533 | Volcano  | Identified a +1 shortbow of flaming
 13533 | Volcano  | Identified a +2 scimitar of flaming
 13533 | Volcano  | Identified a +3 chain mail of fire resistance
 13533 | Volcano  | Noticed a hell knight
 13550 | Volcano  | Killed a hell knight
 13550 | Volcano  | Reached skill level 1 in Crossbows
 13606 | Volcano  | Identified a +2 shortbow of flaming
 13638 | Volcano  | Identified a +2 arbalest of flaming
 13638 | Volcano  | Identified a +0 shortbow of flaming
 13638 | Volcano  | Noticed a centaur warrior
 13638 | Volcano  | Identified a +0 arbalest of flaming
 13642 | Volcano  | Killed a centaur warrior
 13709 | Lair:2   | Identified a scroll of fear
 13710 | Lair:2   | Identified a scroll of remove curse
 13711 | Lair:2   | Identified 2 potions of agility
 13712 | Lair:2   | Identified 3 potions of haste
 13713 | Lair:2   | Identified 2 potions of magic
 13714 | Lair:2   | Identified 2 potions of might
 13718 | Lair:2   | Identified a +1 rapier of flaming (You found it in a
                  | volcano)
 14076 | Lair:2   | Identified 2 potions of lignification
 14302 | Lair:3   | Found a hole to the Spider Nest.
 14322 | Lair:3   | Reached skill level 10 in Armour
 14329 | Lair:3   | Reached skill level 2 in Crossbows
 14534 | Lair:3   | Identified an amulet of guardian spirit (You found it on
                  | level 3 of the Lair of Beasts)
 15095 | Lair:3   | Reached skill level 13 in Fighting
 15095 | Lair:3   | Reached skill level 3 in Crossbows
 15095 | Lair:3   | Reached skill level 6 in Dodging
 15289 | Lair:3   | Reached skill level 4 in Crossbows
 15303 | Lair:3   | Noticed a six-headed hydra
 15317 | Lair:3   | Killed a six-headed hydra
 15317 | Lair:3   | Reached skill level 7 in Dodging
 15594 | Lair:3   | Reached XP level 13. HP: 88/88 MP: 13/13
 15656 | Lair:4   | Reached skill level 5 in Crossbows
 15702 | Lair:4   | Identified a +1 pair of gloves (You found it on level 4 of
                  | the Lair of Beasts)
 15902 | Lair:4   | Found a staircase to the Swamp.
 16075 | Lair:4   | Reached ****** piety under Trog
 16200 | Lair:4   | Noticed a four-headed hydra
 16219 | Lair:4   | Killed a four-headed hydra
 16219 | Lair:4   | Reached skill level 6 in Crossbows
 16219 | Lair:4   | Reached skill level 8 in Dodging
 16403 | Lair:4   | Identified a +2 cloak of invisibility (You found it on
                  | level 4 of the Lair of Beasts)
 16469 | Lair:4   | Identified a scroll of vulnerability
 16470 | Lair:4   | Identified a scroll of magic mapping
 16510 | Lair:4   | Identified a potion of resistance
 16512 | Lair:4   | Identified a ring of ice (You found it on level 10 of the
                  | Dungeon)
 16759 | Lair:4   | Reached skill level 7 in Crossbows
 16764 | Lair:4   | Reached skill level 9 in Dodging
 17106 | Lair:5   | Reached skill level 8 in Crossbows
 17166 | Lair:5   | Received a gift from Trog
 17307 | Lair:5   | Reached skill level 10 in Dodging
 17365 | Lair:5   | Reached skill level 9 in Crossbows
 17699 | Lair:5   | Noticed a four-headed hydra
 17722 | Lair:5   | Killed a four-headed hydra
 17825 | Lair:5   | Received a gift from Trog
 17836 | Lair:5   | Reached skill level 11 in Dodging
 17844 | Lair:5   | Found a viscous altar of Jiyva.
 17845 | Lair:5   | Found a staircase to the Slime Pits.
 17879 | Lair:5   | Reached skill level 10 in Crossbows
 18030 | Lair:5   | Reached XP level 14. HP: 94/94 MP: 14/14
 18599 | Lair:6   | Entered Level 6 of the Lair of Beasts
 18903 | Lair:6   | Reached skill level 12 in Dodging
 18910 | Lair:6   | Reached skill level 11 in Crossbows
 18948 | Lair:6   | Reached skill level 7 in Stealth
 19418 | Lair:6   | Reached skill level 8 in Stealth
 20128 | Lair:6   | Reached skill level 12 in Crossbows
 20128 | Lair:6   | Reached skill level 9 in Stealth
 20151 | Lair:6   | Received a gift from Trog
 20327 | Lair:6   | Identified a +12 quick blade (Trog gifted it to you on
                  | level 6 of the Lair of Beasts)
 20479 | Lair:6   | Reached skill level 13 in Dodging
 21204 | Lair:6   | Identified a scarf of cloud immunity (You found it on level
                  | 6 of the Lair of Beasts)
 21643 | D:11     | Identified a +0 shortbow
 21644 | D:11     | Identified a cursed -1 shortbow
 21644 | D:11     | Identified a +0 shortbow
 21645 | D:11     | Identified a +0 shortbow
 21648 | D:11     | Identified a +0 shortbow
 21747 | D:11     | Identified a +0 shortbow
 21748 | D:11     | Identified a +0 shortbow
 21813 | D:11     | Identified a +1 shortbow of freezing
 21814 | D:11     | Identified a +0 shortbow
 21815 | D:11     | Identified a +0 shortbow of flaming
 21818 | D:11     | Identified a +0 flail
 21819 | D:11     | Reached skill level 10 in Stealth
 21821 | D:11     | Identified a +0 shortbow
 21821 | D:11     | Identified a +0 dire flail
 21821 | D:11     | Identified a +0 plate armour
 21837 | D:11     | Identified a +0 club
 21838 | D:11     | Identified a +0 flail
 21838 | D:11     | Identified a +0 leather armour
 21845 | D:11     | Identified a +0 dagger
 21847 | D:11     | Reached XP level 15. HP: 81/98 MP: 12/15
 22078 | D:11     | Identified a +0 mace
 22160 | D:11     | Identified a +2 war axe
 22160 | D:11     | Identified a +0 robe
 22160 | D:11     | Identified a +0 hand axe
 22160 | D:11     | Identified a +0 ring mail
 22485 | D:12     | Identified a +0 giant spiked club
 22553 | D:12     | Identified a +0 club
 22575 | D:12     | Identified a +0 long sword
 22575 | D:12     | Identified a +0 leather armour
 22575 | D:12     | Identified a +2 shield of reflection
 22590 | D:12     | Identified a +0 dagger
 22606 | D:12     | Identified a +0 rapier
 22612 | D:12     | Identified a +0 giant club
 22612 | D:12     | Identified a cursed -1 giant club
 22614 | D:12     | Reached skill level 13 in Crossbows
 22661 | D:12     | Identified a +0 quarterstaff
 22732 | D:12     | Identified a +0 whip
 22732 | D:12     | Identified a +0 shortbow
 22732 | D:12     | Identified a +2 ring of strength
 22747 | D:12     | Reached skill level 14 in Dodging
 22853 | D:12     | Identified a +0 whip
 22854 | D:12     | Identified a +0 dagger
 22854 | D:12     | Identified a +0 robe
 22854 | D:12     | Identified a +0 dagger
 22854 | D:12     | Identified a +0 robe
 22854 | D:12     | Identified a +0 club
 23278 | D:12     | Identified a +0 dagger
 23278 | D:12     | Identified a +0 robe
 23278 | D:12     | Noticed Nergalle
 23282 | D:12     | Killed Nergalle
 23310 | D:12     | Found a staircase to the Orcish Mines.
 23347 | D:12     | Identified a +0 giant club
 23347 | D:12     | Identified a +0 giant club
 23550 | D:12     | Identified a scroll of random uselessness
 23551 | D:12     | Identified a scroll of noise
 23552 | D:12     | Identified a scroll of acquirement
 23554 | D:12     | Identified a scroll of torment
 23555 | D:12     | Identified a ring of see invisible (You found it on level
                  | 11 of the Dungeon)
 23699 | D:12     | Identified a cursed -2 rapier (You found it on level 4 of
                  | the Lair of Beasts)
 23722 | D:13     | Identified a +0 shortbow
 23731 | D:13     | Identified +0 acid dragon scales
 24288 | D:13     | Identified a +0 pair of boots (You found it on level 13 of
                  | the Dungeon)
 24288 | D:13     | Identified a scroll of amnesia
 25010 | D:13     | Reached skill level 14 in Crossbows
 25325 | D:14     | Identified a ring of resist corrosion (You found it on
                  | level 14 of the Dungeon)
 25353 | D:14     | Identified a +0 rapier
 25620 | D:14     | Identified a +0 giant club
 25623 | D:14     | Identified a +0 arbalest
 25623 | D:14     | Identified a +0 giant club
 25623 | D:14     | Identified a +0 giant club
 25623 | D:14     | Identified a +0 giant club
 25625 | D:14     | Identified a +0 halberd
 25625 | D:14     | Identified a +0 robe
 25626 | D:14     | Identified a +0 arbalest
 25628 | D:14     | Identified a +0 giant club
 25629 | D:14     | Identified a +0 mace
 25629 | D:14     | Identified a +0 leather armour
 25633 | D:14     | Reached skill level 15 in Dodging
 25642 | D:14     | Identified a +0 shortbow
 25650 | D:14     | Received a gift from Trog
 25667 | D:14     | Identified a +0 mace
 25672 | D:14     | Identified a cursed +0 ring mail
 25672 | D:14     | Identified a +0 shortbow
 25673 | D:14     | Identified a cursed +0 arbalest
 25675 | D:14     | Identified a +0 longbow
 25675 | D:14     | Identified a +0 long sword
 25675 | D:14     | Identified a +0 chain mail
 25681 | D:14     | HP: 24/98 [centaur warrior/arrow (13)]
 25685 | D:14     | Found a gate to the Vaults.
 25685 | D:14     | Identified a +0 arbalest
 25798 | D:14     | Identified a +0 halberd
 25798 | D:14     | Identified a +2 leather armour of magic resistance
 25798 | D:14     | Noticed Frances
 25812 | D:14     | Killed Frances
 25947 | D:14     | Identified a +0 dagger
 25947 | D:14     | Identified a +0 robe
 25950 | D:14     | Identified a cursed +0 mace
 25950 | D:14     | Identified a +0 chain mail
 25987 | D:14     | Identified a +4 scimitar of flaming
 26100 | D:14     | Identified a +2 battleaxe of electrocution
 26100 | D:14     | Identified a +0 plate armour
 26381 | D:15     | Entered Level 15 of the Dungeon
 26393 | D:15     | Identified a +0 dagger
 26393 | D:15     | Identified a +0 robe
 26394 | D:15     | Identified a +0 mace
 26394 | D:15     | Identified a +0 plate armour
 26395 | D:15     | Identified a +0 hand axe
 26483 | D:15     | Identified a +0 halberd
 26488 | D:15     | Identified a +0 glaive of freezing
 26488 | D:15     | Identified a +0 scimitar
 26733 | D:15     | Identified a cursed -3 dire flail
 26733 | D:15     | Identified a +2 antimagic trident
 26763 | D:15     | Reached XP level 16. HP: 44/104 MP: 1/16
 27088 | D:15     | Reached skill level 15 in Crossbows
 27091 | D:15     | Found a bloodstained altar of Trog.
 27171 | D:15     | Identified a cursed -1 war axe
 27171 | D:15     | Identified a cursed -3 arbalest
 27171 | D:15     | Identified a +0 ring mail
 27309 | D:15     | Found a staircase to the Depths.
 27514 | D:14     | Identified a +0 long sword
 27514 | D:14     | Identified a +3 scale mail
 27678 | D:15     | Identified a +0 dagger
 27678 | D:15     | Identified a +0 robe
 27678 | D:15     | Identified a +0 glaive
 27890 | D:15     | Reached skill level 16 in Dodging
 28431 | Orc:1    | Entered Level 1 of the Orcish Mines
 28502 | Orc:2    | Entered Level 2 of the Orcish Mines
 28502 | Orc:2    | Identified a +0 giant club
 28502 | Orc:2    | Identified a +0 trident
 28502 | Orc:2    | Identified a +0 ring mail
 28502 | Orc:2    | Identified a +0 shield
 28502 | Orc:2    | Identified a +0 club
 28502 | Orc:2    | Identified a +0 spear
 28502 | Orc:2    | Identified a +0 halberd
 28502 | Orc:2    | Identified a +0 plate armour
 28502 | Orc:2    | Identified a +1 hand axe of venom
 28502 | Orc:2    | Identified a +0 dagger
 28502 | Orc:2    | Identified a +0 robe
 28506 | Orc:2    | Identified a +0 dagger
 28506 | Orc:2    | Identified a +0 robe
 28527 | Orc:2    | Identified a +0 scimitar of electrocution
 28527 | Orc:2    | Identified a +0 plate armour
 28544 | Orc:2    | Identified a +0 ring mail
 28549 | Orc:2    | Identified a +0 dagger
 28549 | Orc:2    | Identified a +0 robe
 28557 | Orc:2    | Received a gift from Trog
 28558 | Orc:2    | Found Gecvu's Antique Armour Shop.
 28559 | Orc:2    | Identified a cursed +0 flail
 28559 | Orc:2    | Identified a +0 leather armour
 28567 | Orc:2    | Identified a +0 hand axe
 28648 | Orc:1    | Identified a +0 troll leather armour
 28656 | Orc:1    | Identified a +0 trident
 28657 | Orc:1    | Identified a +0 long sword
 28657 | Orc:1    | Identified a +0 chain mail
 28659 | Orc:1    | Identified a +0 flail
 28659 | Orc:1    | Identified a +0 hand axe
 28780 | Orc:2    | Identified a +0 dagger
 28780 | Orc:2    | Identified a +0 robe
 28781 | Orc:2    | Identified a +0 mace
 28781 | Orc:2    | Identified a +0 dagger
 28781 | Orc:2    | Identified a +0 robe
 28783 | Orc:2    | Identified a +0 dagger
 28783 | Orc:2    | Identified a +0 robe
 28943 | Orc:2    | Found a staircase to the Elven Halls.
 28951 | Orc:2    | Identified a +2 vampiric hand axe
 28951 | Orc:2    | Identified a +0 chain mail
 28951 | Orc:2    | Identified a cursed -2 trident
 28951 | Orc:2    | Identified a cursed +0 leather armour
 28952 | Orc:2    | Identified a +0 mace
 29015 | Orc:2    | Identified a +0 dagger
 29015 | Orc:2    | Identified a +0 robe
 29017 | Orc:2    | Identified a +0 hand axe
 29017 | Orc:2    | Identified a +0 plate armour
 29017 | Orc:2    | Identified a +0 dagger
 29017 | Orc:2    | Identified a +0 leather armour
 29017 | Orc:2    | Identified a +0 dagger
 29017 | Orc:2    | Identified a +0 robe
 29019 | Orc:2    | Identified a +0 ring mail
 29023 | Orc:2    | Identified a +0 trident
 29024 | Orc:2    | Identified a +0 battleaxe
 29024 | Orc:2    | Identified a +0 plate armour
 29025 | Orc:2    | Identified a +0 dagger
 29025 | Orc:2    | Identified a cursed +0 robe
 29025 | Orc:2    | Identified a +0 dagger
 29025 | Orc:2    | Identified a +0 robe
 29028 | Orc:2    | Identified a +0 dagger
 29028 | Orc:2    | Identified a +0 scale mail
 29036 | Orc:2    | Identified a +0 hand axe
 29041 | Orc:2    | Received a gift from Trog
 29061 | Orc:2    | Identified a +0 hand axe
 29062 | Orc:2    | Identified a +0 ring mail
 29065 | Orc:2    | Identified a +0 flail
 29066 | Orc:2    | Identified a +0 club
 29066 | Orc:2    | Identified a +0 scale mail
 29066 | Orc:2    | Identified a +0 hand axe
 29067 | Orc:2    | Identified a +0 halberd
 29070 | Orc:2    | Identified a +0 short sword
 29090 | Orc:2    | Identified a +0 ring mail
 29093 | Orc:2    | Identified a +0 hand axe
 29093 | Orc:2    | Identified a +0 scale mail
 29096 | Orc:2    | Identified a +1 hand axe of chopping
 29096 | Orc:2    | Identified a +0 leather armour
 29321 | Orc:2    | Identified a +0 whip
 29356 | Orc:2    | Identified a +0 hand axe
 29360 | Orc:2    | Found Keoschaet's Assorted Antiques.
 29360 | Orc:2    | Identified a +0 leather armour
 29360 | Orc:2    | Identified a +0 club
 29360 | Orc:2    | Identified a +0 club
 29360 | Orc:2    | Identified a +0 morningstar
 29360 | Orc:2    | Identified a +0 dagger
 29360 | Orc:2    | Identified a +0 ring mail
 29360 | Orc:2    | Identified a +0 mace
 29361 | Orc:2    | Identified a +0 dagger
 29361 | Orc:2    | Identified a +0 leather armour
 29373 | Orc:2    | Received a gift from Trog
 29538 | Orc:2    | Found Ruzor's Jewellery Emporium.
 29538 | Orc:2    | Identified a +0 club
 29538 | Orc:2    | Identified a +2 dagger of draining
 29538 | Orc:2    | Identified a +0 chain mail
 29538 | Orc:2    | Identified a cursed +0 short sword
 29538 | Orc:2    | Identified a +0 leather armour
 29538 | Orc:2    | Identified a +0 flail
 29538 | Orc:2    | Identified a +0 flail
 29538 | Orc:2    | Identified a +0 flail
 29538 | Orc:2    | Identified a +0 leather armour
 29539 | Orc:2    | Identified a +0 whip
 29603 | Orc:2    | Identified a +0 club
 29718 | Orc:2    | Identified a +0 trident
 29718 | Orc:2    | Identified a +0 scale mail
 29718 | Orc:2    | Identified a +0 mace
 29718 | Orc:2    | Identified a +0 ring mail
 29718 | Orc:2    | Identified a +0 flail
 29718 | Orc:2    | Identified a +0 leather armour
 29718 | Orc:2    | Identified a +0 short sword
 29718 | Orc:2    | Identified a +0 club
 29718 | Orc:2    | Identified a +0 chain mail
 29718 | Orc:2    | Identified a +0 flail
 29718 | Orc:2    | Identified a +0 leather armour
 29719 | Orc:2    | Identified a +0 leather armour
 29720 | Orc:2    | Found a roughly hewn altar of Beogh.
 29720 | Orc:2    | Identified a +0 short sword
 29720 | Orc:2    | Identified a +0 chain mail
 29720 | Orc:2    | Identified a +0 ring mail
 29720 | Orc:2    | Identified a cursed -1 hand axe
 29720 | Orc:2    | Identified a +0 flail
 29721 | Orc:2    | Identified a +0 short sword
 29721 | Orc:2    | Identified a +2 plate armour of poison resistance
 29722 | Orc:2    | Identified a +0 dagger
 29722 | Orc:2    | Identified a +0 robe
 29724 | Orc:2    | Identified a +0 hand axe
 29731 | Orc:2    | Identified a +0 dagger
 29731 | Orc:2    | Identified a +0 leather armour
 29733 | Orc:2    | Identified a +0 hand axe
 29744 | Orc:2    | Identified a +2 mace of crushing
 29749 | Orc:2    | Received a gift from Trog
 29767 | Orc:2    | Identified a +0 flail
 29768 | Orc:2    | Identified a +0 mace
 29768 | Orc:2    | Identified a +0 leather armour
 29768 | Orc:2    | Identified a +0 short sword
 29772 | Orc:2    | Identified a +0 whip
 29774 | Orc:2    | Identified a +0 halberd
 29774 | Orc:2    | Identified a +0 mace
 29774 | Orc:2    | Identified a +1 chain mail of fire resistance
 29774 | Orc:2    | Identified a +0 hand axe
 29774 | Orc:2    | Identified a +0 leather armour
 29776 | Orc:2    | Identified a +0 flail
 29777 | Orc:2    | Identified a +0 mace
 29777 | Orc:2    | Identified a +0 leather armour
 29780 | Orc:2    | Identified a +0 hand axe
 29780 | Orc:2    | Identified a +0 leather armour
 29783 | Orc:2    | Identified a +0 dagger
 29783 | Orc:2    | Identified a +0 leather armour
 29787 | Orc:2    | Identified a +0 hand axe
 29787 | Orc:2    | Identified a +0 ring mail
 29787 | Orc:2    | Identified a +0 hand axe
 29787 | Orc:2    | Identified a +0 dagger
 29787 | Orc:2    | Identified a +0 robe
 29787 | Orc:2    | Identified a +0 club
 29787 | Orc:2    | Identified a +0 leather armour
 29787 | Orc:2    | Identified a +0 short sword
 29788 | Orc:2    | Identified a +0 falchion
 29790 | Orc:2    | Identified a +0 mace
 29793 | Orc:2    | Identified a +0 glaive
 29793 | Orc:2    | Identified a +0 mace
 29795 | Orc:2    | Identified a +0 dagger
 29795 | Orc:2    | Identified a cursed -2 robe
 29806 | Orc:2    | Identified a +0 mace
 29809 | Orc:2    | Identified a +0 short sword
 29809 | Orc:2    | Identified a +0 scale mail
 29817 | Orc:2    | Received a gift from Trog
 29942 | Orc:2    | Found Maisoz's General Store.
 29942 | Orc:2    | Found Foyd's General Store.
 29949 | Orc:2    | Bought a scroll of blinking for 75 gold pieces
 29958 | Orc:2    | Bought a potion of heal wounds for 55 gold pieces
 30120 | Orc:2    | Identified a cursed -3 halberd
 30120 | Orc:2    | Identified a +0 chain mail
 30287 | Orc:1    | Identified a +2 war axe of chopping
 30287 | Orc:1    | Identified a +0 chain mail
 30287 | Orc:1    | Identified a +0 dagger of protection
 30287 | Orc:1    | Identified a +0 robe
 30287 | Orc:1    | Identified a +0 hand axe
 30287 | Orc:1    | Identified a +0 flail
 30287 | Orc:1    | Identified a +1 glaive of distortion
 30287 | Orc:1    | Identified a +0 chain mail
 30455 | Orc:1    | Identified a cursed -2 hand axe
 30456 | Orc:1    | Identified a +0 long sword
 30456 | Orc:1    | Identified a +0 chain mail
 30456 | Orc:1    | Identified a +0 dagger
 30456 | Orc:1    | Identified a +0 robe
 30815 | Swamp:1  | Entered Level 1 of the Swamp
 30847 | Swamp:1  | Reached skill level 16 in Crossbows
 30938 | Swamp:1  | Found a transporter.
 31010 | Swamp:1  | Identified a +0 quarterstaff
 31010 | Swamp:1  | Identified a +0 robe
 31256 | Swamp:1  | Received a gift from Trog
 31324 | Swamp:1  | Found a stormy altar of Qazlal.
 31332 | Swamp:1  | Noticed a thorn hunter
 31417 | Swamp:1  | Reached skill level 14 in Fighting
 31448 | Swamp:1  | Found a transporter.
 31448 | Swamp:1  | Noticed Peneaqae's ghost (adept DsAK)
 31448 | Swamp:1  | Noticed a thorn hunter
 31860 | Swamp:1  | Identified a potion of mutation
 31861 | Swamp:1  | Identified a ring of protection from cold (You found it on
                  | level 1 of the Swamp)
 32330 | Swamp:2  | Identified a +0 spear
 32497 | Swamp:2  | Identified a +0 spear
 32560 | Swamp:2  | Reached XP level 17. HP: 112/112 MP: 17/17
 32602 | Swamp:2  | Reached skill level 17 in Crossbows
 32997 | Swamp:2  | Identified +0 swamp dragon scales
 33103 | Swamp:3  | Received a gift from Trog
 33167 | Swamp:3  | Reached skill level 15 in Fighting
 33259 | Swamp:3  | Identified a +0 spear
 33259 | Swamp:3  | Identified a +0 scale mail
 33519 | Swamp:3  | Noticed a thorn hunter
 33525 | Swamp:3  | Killed a thorn hunter
 33729 | Swamp:3  | Identified a +0 quarterstaff of crushing
 33729 | Swamp:3  | Identified a +0 robe
 33729 | Swamp:3  | Noticed Jorgrun
 33736 | Swamp:3  | Killed Jorgrun
 33922 | Swamp:3  | Noticed Kirke
 33946 | Swamp:3  | Killed Kirke
 34002 | Swamp:3  | Identified a +0 spear
 34005 | Swamp:3  | Identified a +0 spear
 34005 | Swamp:3  | Identified a +0 buckler
 34006 | Swamp:3  | Identified a cursed +0 spear
 34006 | Swamp:3  | Identified a +0 buckler
 34380 | Swamp:4  | Entered Level 4 of the Swamp
 34386 | Swamp:4  | Identified a +0 spear
 34386 | Swamp:4  | Identified a +0 blowgun
 34386 | Swamp:4  | Identified a +0 buckler
 34390 | Swamp:4  | Identified a +0 short sword
 34390 | Swamp:4  | Identified a +0 robe
 34435 | Swamp:4  | Identified a +0 quarterstaff
 34435 | Swamp:4  | Identified a +0 robe
 34837 | Swamp:4  | Reached skill level 18 in Crossbows
 34838 | Swamp:4  | Received a gift from Trog
 34848 | Swamp:4  | Noticed a thorn hunter
 34873 | Swamp:3  | Killed a thorn hunter
 34885 | Swamp:3  | Identified +0 fire dragon scales
 34932 | Swamp:3  | Reached skill level 16 in Fighting
 35220 | Swamp:4  | Identified +0 steam dragon scales
 35236 | Swamp:4  | Identified +0 steam dragon scales
 35245 | Swamp:4  | Identified +0 steam dragon scales
 35627 | Spider:1 | Entered Level 1 of the Spider Nest
 35650 | Lair:3   | Received a gift from Trog
 35817 | Lair:3   | HP: 27/115 [wolf spider (11)]
 35823 | Lair:3   | HP: 21/172 [wolf spider (8)]
 36423 | Swamp:4  | Identified +0 swamp dragon scales
 36498 | Swamp:4  | Reached skill level 17 in Dodging
 36524 | Swamp:4  | Identified +0 steam dragon scales
 36791 | Swamp:4  | Received a gift from Trog
 36793 | Swamp:4  | Identified a +1 triple crossbow of freezing (Trog gifted it
                  | to you on level 4 of the Swamp)
 36847 | Swamp:4  | Reached XP level 18. HP: 120/120 MP: 18/18
 37064 | Swamp:4  | Identified a +0 mace
 37082 | Swamp:4  | Got a decaying rune of Zot
 37314 | Swamp:4  | Identified Roxanne's Incunabulum of Transmutation
 37314 | Swamp:4  | Noticed Roxanne
 37344 | Swamp:4  | Killed Roxanne
 37478 | Swamp:4  | Reached skill level 18 in Dodging
 38234 | Vaults:1 | Entered Level 1 of the Vaults
 38234 | Vaults:1 | Identified a +0 club
 38234 | Vaults:1 | Identified a +0 robe
 38234 | Vaults:1 | Identified a +0 giant club
 38234 | Vaults:1 | Identified a +0 giant club
 38234 | Vaults:1 | Identified a +0 giant club
 38234 | Vaults:1 | Identified a +0 giant spiked club
 38234 | Vaults:1 | Identified a +0 giant club
 38234 | Vaults:1 | Identified a +0 giant club
 38234 | Vaults:1 | Identified a +0 giant club
 38234 | Vaults:1 | Identified a +0 giant spiked club
 38234 | Vaults:1 | Identified a cursed -3 giant club
 38518 | Vaults:1 | Identified a +0 dire flail
 38518 | Vaults:1 | Identified a +0 leather armour
 38518 | Vaults:1 | Identified a +0 short sword
 38518 | Vaults:1 | Identified a +0 chain mail
 38518 | Vaults:1 | Noticed a deep elf sorcerer
 38518 | Vaults:1 | Identified a +0 long sword
 38518 | Vaults:1 | Identified a +0 short sword
 38518 | Vaults:1 | Identified a +0 ring mail
 38518 | Vaults:1 | Identified a +0 long sword
 38518 | Vaults:1 | Identified a +0 leather armour
 38518 | Vaults:1 | Identified a +0 rapier
 38534 | Vaults:1 | Killed a deep elf sorcerer
 38568 | Vaults:1 | Reached skill level 11 in Stealth
 38689 | Vaults:1 | Identified a +0 dagger
 38689 | Vaults:1 | Identified a +0 robe
 38705 | Vaults:1 | Identified a +0 flail
 38705 | Vaults:1 | Identified a +0 scale mail
 38838 | Vaults:1 | Identified a +0 arbalest
 38842 | Vaults:1 | Identified a +0 arbalest
 38842 | Vaults:1 | Identified a +0 arbalest
 38845 | Vaults:1 | Received a gift from Trog
 38847 | Vaults:1 | Identified a +0 flail
 38847 | Vaults:1 | Identified a +0 ring mail
 38881 | Vaults:1 | Identified a +0 arbalest
 38888 | Vaults:1 | Identified a +1 arbalest of velocity
 38891 | Vaults:1 | Identified a +0 long sword
 38891 | Vaults:1 | Identified a +0 plate armour
 38896 | Vaults:1 | Identified a +0 arbalest
 38991 | Vaults:1 | Reached skill level 12 in Stealth
 39120 | Vaults:1 | Identified a +0 war axe
 39120 | Vaults:1 | Identified a +3 arbalest
 39120 | Vaults:1 | Identified a +0 scale mail
 39254 | Vaults:1 | Identified a +0 dagger
 39254 | Vaults:1 | Identified a +0 robe
 39273 | Vaults:1 | Identified a +2 dire flail of distortion
 39273 | Vaults:1 | Identified a +0 ring mail
 39273 | Vaults:1 | Identified a cursed -1 spear
 39273 | Vaults:1 | Identified a cursed +0 robe
 39273 | Vaults:1 | Identified a cursed -1 giant club
 39273 | Vaults:1 | Identified a cursed -3 giant club
 39273 | Vaults:1 | Identified a +0 giant spiked club
 39277 | Vaults:1 | Identified a +0 giant spiked club
 39279 | Vaults:1 | Identified a +0 giant spiked club
 39279 | Vaults:1 | Identified a +0 giant spiked club
 39283 | Vaults:1 | Identified a +0 morningstar
 39283 | Vaults:1 | Identified a +0 leather armour
 39293 | Vaults:1 | Identified a +0 whip
 39293 | Vaults:1 | Identified a +0 robe
 39299 | Vaults:1 | Identified a +0 giant spiked club
 39300 | Vaults:1 | Reached skill level 11 in Armour
 39317 | Vaults:1 | Identified a +0 giant spiked club
 39321 | Vaults:1 | Identified a +0 giant club
 39321 | Vaults:1 | Identified a +0 giant spiked club
 39325 | Vaults:1 | Identified a +0 giant club
 39468 | Vaults:1 | Identified a +0 arbalest
 39474 | Vaults:1 | Reached skill level 13 in Stealth
 39476 | Vaults:1 | Received a gift from Trog
 39559 | Vaults:1 | Identified a +0 morningstar
 39559 | Vaults:1 | Identified a +0 scale mail
 39685 | Vaults:1 | Identified a +0 trident
 39685 | Vaults:1 | Identified a +0 robe
 39774 | Vaults:1 | Identified a +0 long sword
 39774 | Vaults:1 | Identified a +0 chain mail
 39775 | Vaults:1 | Identified a +0 arbalest
 39779 | Vaults:1 | Identified a +4 battleaxe of holy wrath
 39779 | Vaults:1 | Identified a +0 chain mail
 39779 | Vaults:1 | Identified a +3 arbalest
 39780 | Vaults:1 | Identified a +0 arbalest
 39780 | Vaults:1 | Identified a +0 dagger
 39780 | Vaults:1 | Identified a +0 robe
 39787 | Vaults:1 | Identified a +0 spear
 39787 | Vaults:1 | Identified a +0 robe
 40095 | Vaults:1 | Reached skill level 14 in Stealth
 40310 | Vaults:1 | Identified a +0 battleaxe
 40310 | Vaults:1 | Identified a +0 flail
 40317 | Vaults:1 | Identified a +0 hand axe
 40327 | Vaults:1 | Identified a +0 hand axe
 40331 | Vaults:1 | Identified a +0 war axe
 40437 | Vaults:1 | Identified a +0 dire flail
 40437 | Vaults:1 | Identified a +0 ring mail
 40441 | Vaults:1 | Identified a +1 whip of venom
 40441 | Vaults:1 | Identified a +0 robe
 40469 | Vaults:1 | Identified a +0 giant club
 40473 | Vaults:1 | Identified a +0 giant spiked club
 40474 | Vaults:1 | Received a gift from Trog
 40475 | Vaults:1 | Identified a +0 dire flail
 40475 | Vaults:1 | Identified a +0 leather armour
 40480 | Vaults:1 | Identified a +0 giant club
 40485 | Vaults:1 | Identified a +0 robe
 40486 | Vaults:1 | Identified a +0 giant club
 40487 | Vaults:1 | Identified a +0 giant club
 40488 | Vaults:1 | Reached XP level 19. HP: 125/125 MP: 19/19
 40663 | Vaults:1 | Identified +0 fire dragon scales
 40710 | Vaults:1 | Identified a +2 halberd
 40710 | Vaults:1 | Identified a +0 chain mail
 41020 | Vaults:2 | Identified a +0 shortbow
 41070 | Vaults:2 | Identified a +0 long sword
 41070 | Vaults:2 | Identified a +0 long sword
 41070 | Vaults:2 | Identified a +0 leather armour
 41071 | Vaults:2 | Identified a +0 rapier
 41071 | Vaults:2 | Identified a +0 leather armour
 41071 | Vaults:2 | Identified a +0 scimitar
 41071 | Vaults:2 | Identified a +0 shortbow
 41071 | Vaults:2 | Identified a +0 ring mail
 41072 | Vaults:2 | Reached skill level 15 in Stealth
 41084 | Vaults:2 | Received a gift from Trog
 41103 | Vaults:2 | Identified a +4 dagger
 41103 | Vaults:2 | Identified a +0 robe
 41112 | Vaults:2 | Identified a +7 arbalest of velocity (Trog gifted it to you
                  | on level 2 of the Vaults)
 41193 | Vaults:2 | Identified a +2 glaive of pain
 41193 | Vaults:2 | Identified a +0 chain mail
 41292 | Vaults:2 | Identified a +0 mace
 41292 | Vaults:2 | Identified a +0 ring mail
 41329 | Vaults:2 | Identified a +0 flail
 41329 | Vaults:2 | Identified a +0 chain mail
 41332 | Vaults:2 | Identified a cursed -1 halberd
 41332 | Vaults:2 | Identified a +0 plate armour
 41332 | Vaults:2 | Identified a +0 short sword
 41332 | Vaults:2 | Identified a +0 chain mail
 41334 | Vaults:2 | Identified a +0 morningstar
 41334 | Vaults:2 | Identified a +0 scale mail
 41339 | Vaults:2 | Identified a +0 giant club
 41339 | Vaults:2 | Identified a +0 dire flail
 41339 | Vaults:2 | Identified a +0 flail
 41339 | Vaults:2 | Identified a +0 robe
 41339 | Vaults:2 | Identified a +0 arbalest
 41350 | Vaults:2 | Identified a +0 dagger
 41350 | Vaults:2 | Identified a +0 flail
 41350 | Vaults:2 | Identified a +0 scale mail
 41350 | Vaults:2 | Identified a +0 giant club
 41350 | Vaults:2 | Identified a +0 giant spiked club
 41353 | Vaults:2 | Identified a +0 great mace
 41353 | Vaults:2 | Identified a +0 ring mail
 41353 | Vaults:2 | Identified a +0 giant club
 41353 | Vaults:2 | Identified a cursed -3 giant spiked club
 41353 | Vaults:2 | Identified a +0 arbalest
 41353 | Vaults:2 | Identified a +0 club
 41353 | Vaults:2 | Identified a cursed +0 robe
 41354 | Vaults:2 | Identified a +0 arbalest
 41360 | Vaults:2 | Identified a +0 giant club
 41372 | Vaults:2 | HP: 31/125 [vault guard/runed battleaxe[a vault warden]
                  | (6)]
 41372 | Vaults:2 | Identified a +0 giant club
 41372 | Vaults:2 | Identified a +0 giant club
 41372 | Vaults:2 | Identified a +0 giant spiked club
 41373 | Vaults:2 | Identified a +1 dire flail of holy wrath
 41373 | Vaults:2 | Identified a +0 ring mail
 41373 | Vaults:2 | Identified a +2 battleaxe
 41373 | Vaults:2 | Identified a cursed -1 plate armour
 41374 | Vaults:2 | HP: 15/125 [vault guard/+2 battleaxe[a vault warden] (18)]
 41380 | Vaults:2 | Found a staircase to the Crypt.
 41380 | Vaults:2 | Noticed a curse skull
 41381 | Vaults:2 | Identified a +0 arbalest
 41381 | Vaults:2 | Identified a +0 arbalest
 41388 | Vaults:2 | Killed a curse skull
 41641 | Vaults:2 | Identified a +0 mace
 41641 | Vaults:2 | Identified a +0 ring mail
 41641 | Vaults:2 | Identified a +0 dagger
 41641 | Vaults:2 | Identified a +0 shortbow
 41641 | Vaults:2 | Identified a +0 leather armour
 41641 | Vaults:2 | Identified a +0 dagger
 41643 | Vaults:2 | Identified a +4 long sword of freezing
 41644 | Vaults:2 | Identified a +0 rapier
 41651 | Vaults:2 | Reached skill level 19 in Crossbows
 41977 | Vaults:2 | Identified a +0 arbalest
 41979 | Vaults:2 | Identified +0 ice dragon scales
 41998 | Vaults:2 | Identified a +0 arbalest
 42001 | Vaults:2 | Identified a +0 long sword
 42001 | Vaults:2 | Identified a +0 chain mail
 42001 | Vaults:2 | Identified a +0 large shield
 42006 | Vaults:2 | Identified a +0 great mace
 42006 | Vaults:2 | Identified a +0 scale mail
 42009 | Vaults:2 | Identified a +0 spear
 42009 | Vaults:2 | Identified a +0 arbalest
 42026 | Vaults:2 | Identified a +0 great mace
 42026 | Vaults:2 | Identified a +1 dire flail of holy wrath
 42034 | Vaults:2 | HP: 44/187 [ice dragon/blast of cold (22)]
 42039 | Vaults:2 | HP: 38/187 [ice dragon (8)]
 42060 | Vaults:2 | HP: 29/187 [vault guard/+2 battleaxe[a vault warden] (15)]
 42391 | Vaults:2 | Identified a +0 long sword
 42391 | Vaults:2 | Identified a +0 plate armour
 42453 | Vaults:2 | HP: 22/125 [ironheart preserver/+1 dire flail of holy
                  | wrath[a vault warden] (18)]
 42461 | Vaults:2 | HP: 2/125 [deep elf annihilator/bolt of lightning[an
                  | ironheart preserver] (28)]
 42791 | Vaults:2 | Identified the cursed +1 quarterstaff of Temperance {crush,
                  | rPois}
 42791 | Vaults:2 | Identified a +0 chain mail
 42791 | Vaults:2 | Identified an uncursed ring of flight
 42791 | Vaults:2 | Identified a +0 longbow
 42796 | Vaults:2 | Identified a +0 dire flail
 42796 | Vaults:2 | Identified a +0 giant club
 42826 | Vaults:2 | Received a gift from Trog
 42923 | Vaults:2 | Identified a +0 giant spiked club
 42923 | Vaults:2 | Identified a +0 giant club
 43154 | Vaults:2 | Found Niguwih's Gadget Boutique.
 43193 | Vaults:2 | Identified a +0 great mace
 43193 | Vaults:2 | Identified a +0 plate armour
 43193 | Vaults:2 | Identified a +2 broad axe of chopping
 43193 | Vaults:2 | Identified a +0 plate armour
 43446 | Vaults:2 | Identified a +0 dire flail
 43446 | Vaults:2 | Identified a +0 leather armour
 43447 | Vaults:2 | Identified a +0 troll leather armour
 43449 | Vaults:2 | Identified a +0 giant club
 43449 | Vaults:2 | Identified a +0 giant club
 43486 | Vaults:2 | HP: 25/125 [deep troll[an ironheart preserver] (21)]
 43849 | Vaults:2 | Identified a +0 long sword
 43849 | Vaults:2 | Identified a +0 ring mail
 43849 | Vaults:2 | Identified a +0 buckler
 43849 | Vaults:2 | Identified a +0 long sword
 43849 | Vaults:2 | Identified a +0 long sword
 44599 | Lair:2   | Identified a +1 pair of gloves (You found it on level 2 of
                  | the Vaults)
 44612 | Lair:2   | Identified a scroll of holy word
 44713 | Lair:2   | Identified a potion of invisibility
 44938 | Lair:3   | HP: 46/187 [poisoned by a wolf spider]
 44943 | Lair:3   | HP: 23/125 [poisoned by a wolf spider]
 44948 | Lair:3   | HP: 16/125 [poisoned by a wolf spider]
 44954 | Lair:3   | HP: 13/125 [poisoned by a wolf spider]
 44960 | Lair:3   | HP: 12/125 [poisoned by a wolf spider]
 44967 | Lair:3   | HP: 12/125 [poisoned by a wolf spider]
 45377 | Lair:3   | Reached skill level 19 in Dodging
 45551 | Spider:1 | Received a gift from Trog
 45726 | Spider:1 | Received a gift from Trog
 46934 | Spider:2 | Identified a potion of ambrosia
 46935 | Spider:2 | Reached XP level 20. HP: 131/131 MP: 20/20
 47251 | Spider:2 | Reached skill level 20 in Dodging
 48103 | Spider:3 | Noticed an entropy weaver
 48106 | Spider:3 | Killed an entropy weaver
 48106 | Spider:3 | Received a gift from Trog
 48297 | Spider:3 | Received a gift from Trog
 49268 | Spider:4 | Entered Level 4 of the Spider Nest
 49293 | Spider:4 | Reached skill level 1 in Evocations
 49387 | Spider:4 | Noticed an entropy weaver
 49393 | Spider:3 | Reached skill level 12 in Armour
 49393 | Spider:3 | Reached skill level 2 in Evocations
 49399 | Spider:3 | Received a gift from Trog
 49434 | Spider:4 | Noticed an entropy weaver
 49464 | Spider:4 | Killed an entropy weaver
 49736 | Spider:4 | Reached skill level 3 in Evocations
 49826 | Spider:4 | Killed an entropy weaver
 50087 | Spider:4 | Received a gift from Trog
 50174 | Spider:4 | Reached skill level 4 in Evocations
 50759 | Spider:4 | Noticed Arachne
 50775 | Spider:4 | Killed Arachne
 50987 | Spider:4 | Reached skill level 5 in Evocations
 51815 | Spider:4 | Got a gossamer rune of Zot
 51829 | Spider:4 | Received a gift from Trog
 52293 | Vaults:2 | Reached skill level 6 in Evocations
 52433 | Vaults:2 | Identified a +0 troll leather armour
 52528 | Vaults:2 | Identified a +0 giant club
 52528 | Vaults:2 | Identified a +0 giant club
 52532 | Vaults:2 | Reached XP level 21. HP: 137/137 MP: 25/25
 52612 | Vaults:2 | Identified +0 fire dragon scales
 52768 | Vaults:2 | Identified a +0 mace
 52768 | Vaults:2 | Identified a +0 leather armour
 52770 | Vaults:2 | Identified a +0 giant club
 52770 | Vaults:2 | Identified a +0 giant club
 52771 | Vaults:2 | Identified a +0 great sword
 52771 | Vaults:2 | Identified a +0 chain mail
 52772 | Vaults:2 | Identified a +0 battleaxe
 52772 | Vaults:2 | Identified a +0 chain mail
 52773 | Vaults:2 | Identified a +0 giant club
 52773 | Vaults:2 | Identified a +0 giant spiked club
 52993 | Vaults:2 | Identified a +1 pair of gloves (You found it on level 2 of
                  | the Vaults)
 53247 | Vaults:3 | Identified a +0 morningstar
 53247 | Vaults:3 | Identified a +0 ring mail
 53263 | Vaults:3 | Identified a +0 troll leather armour
 53263 | Vaults:3 | Reached skill level 7 in Evocations
 53314 | Vaults:3 | Identified a +0 arbalest
 53406 | Vaults:3 | Received a gift from Trog
 53462 | Vaults:3 | Identified a +0 dagger
 53462 | Vaults:3 | Identified a +0 robe
 53561 | Vaults:3 | Identified a +0 dagger
 53561 | Vaults:3 | Identified a +0 robe
 53564 | Vaults:3 | Identified a +2 great sword of slicing
 53564 | Vaults:3 | Identified a +0 chain mail
 53566 | Vaults:3 | Identified a +0 broad axe
 53566 | Vaults:3 | Identified a +0 plate armour
 53566 | Vaults:3 | Identified a +0 shield
 53566 | Vaults:3 | Identified a cursed +0 falchion
 53566 | Vaults:3 | Identified a +0 ring mail
 53570 | Vaults:3 | Identified a cursed -1 long sword
 53570 | Vaults:3 | Identified a +0 plate armour
 53571 | Vaults:3 | Identified a +0 morningstar
 53571 | Vaults:3 | Identified a +0 arbalest
 53571 | Vaults:3 | Identified a +0 ring mail
 53576 | Vaults:3 | Identified a +0 halberd
 53576 | Vaults:3 | Identified a +0 chain mail
 53582 | Vaults:3 | Identified a +0 flail
 53583 | Vaults:3 | Identified a +2 battleaxe of venom
 53583 | Vaults:3 | Identified a +0 plate armour
 53588 | Vaults:3 | Identified a +1 battleaxe of venom
 53588 | Vaults:3 | Identified a +0 chain mail
 53588 | Vaults:3 | Identified a +0 club
 53590 | Vaults:3 | Reached skill level 17 in Fighting
 53592 | Vaults:3 | Identified a +0 troll leather armour
 53594 | Vaults:3 | Identified a +1 dire flail of protection
 53594 | Vaults:3 | Identified a +0 plate armour
 53595 | Vaults:3 | Identified a +0 great mace
 53595 | Vaults:3 | Identified a +0 ring mail
 53598 | Vaults:3 | Identified a +0 war axe
 53598 | Vaults:3 | Identified a +2 ring mail of magic resistance
 53598 | Vaults:3 | Identified a +0 buckler
 53600 | Vaults:3 | Identified a +0 dagger
 53600 | Vaults:3 | Identified a +0 shortbow
 53600 | Vaults:3 | Identified a +0 leather armour
 53620 | Vaults:3 | HP: 33/139 [deep elf archer/arrow (15)]
 53623 | Vaults:3 | Identified a +0 arbalest
 53640 | Vaults:3 | HP: 30/139 [orc priest/divine providence[an orc knight]
                  | (10)]
 53644 | Vaults:3 | Reached skill level 8 in Evocations
 54035 | Vaults:3 | Identified a +0 dire flail
 54035 | Vaults:3 | Identified a +0 ring mail
 54040 | Vaults:3 | Identified a +0 troll leather armour
 54048 | Vaults:3 | Reached skill level 13 in Armour
 54352 | Vaults:3 | Identified a +0 morningstar
 54352 | Vaults:3 | Identified a +0 ring mail
 54356 | Vaults:3 | Identified a +0 arbalest
 54356 | Vaults:3 | Identified a +0 giant spiked club
 54357 | Vaults:3 | Identified a +3 battleaxe
 54357 | Vaults:3 | Identified a +0 chain mail
 54357 | Vaults:3 | Identified a +0 giant spiked club
 54357 | Vaults:3 | Identified a +0 giant club
 54357 | Vaults:3 | Identified a cursed +0 bardiche
 54357 | Vaults:3 | Identified a +0 chain mail
 54648 | Vaults:3 | Received a gift from Trog
 54683 | Vaults:3 | Noticed an entropy weaver
 54694 | Vaults:3 | Killed an entropy weaver
 54858 | Vaults:3 | Identified a +0 giant club
 54860 | Vaults:3 | Identified a +0 spear
 54860 | Vaults:3 | Identified a +0 robe
 54862 | Vaults:3 | Identified a +0 battleaxe of freezing
 54865 | Vaults:3 | Identified a +0 giant club
 54865 | Vaults:3 | Identified a +0 giant club
 54866 | Vaults:3 | Reached skill level 9 in Evocations
 54866 | Vaults:3 | Identified a +0 giant club
 54866 | Vaults:3 | Identified a +0 giant spiked club
 55245 | Vaults:3 | Found a runed door.
 55245 | Vaults:3 | Noticed Vapoch's ghost (adept MiFi)
 55281 | Vaults:3 | Identified a +0 dagger
 55281 | Vaults:3 | Identified a +0 robe
 55282 | Vaults:3 | Identified a +0 war axe
 55282 | Vaults:3 | Identified a +0 arbalest
 55282 | Vaults:3 | Identified a +0 ring mail
 55329 | Vaults:3 | Identified a +0 great mace
 55329 | Vaults:3 | Identified a +0 chain mail
 55500 | Vaults:3 | Identified a +0 dagger
 55500 | Vaults:3 | Identified a +0 robe
 55519 | Vaults:3 | Received a gift from Trog
 55646 | Vaults:3 | Identified a +3 antimagic rapier (Trog gifted it to you on
                  | level 3 of the Vaults)
 55788 | Vaults:3 | Identified a +2 war axe of venom
 55788 | Vaults:3 | Identified a +0 chain mail
 56072 | Vaults:3 | Identified a +0 morningstar
 56072 | Vaults:3 | Identified a +0 ring mail
 56111 | Vaults:3 | Identified a +0 arbalest
 56129 | Vaults:3 | Identified a +0 dire flail
 56129 | Vaults:3 | Identified a +0 scale mail
 56259 | Vaults:4 | Identified a +2 long sword
 56259 | Vaults:4 | Identified a +0 plate armour
 56259 | Vaults:4 | Identified a +0 arbalest
 56259 | Vaults:4 | Identified a +0 arbalest of flaming
 56271 | Vaults:4 | Reached skill level 10 in Evocations
 56307 | Vaults:4 | Identified a cursed -3 great sword
 56307 | Vaults:4 | Identified a +0 chain mail
 56307 | Vaults:4 | Identified a +2 dagger of holy wrath
 56307 | Vaults:4 | Identified a +2 robe of positive energy
 56307 | Vaults:4 | Identified a cursed +0 glaive
 56307 | Vaults:4 | Identified a +0 chain mail
 56307 | Vaults:4 | Identified a +0 long sword
 56307 | Vaults:4 | Identified a +0 plate armour
 56307 | Vaults:4 | Identified a +0 dire flail
 56307 | Vaults:4 | Identified a +0 chain mail
 56440 | Vaults:4 | Identified a +0 arbalest
 56442 | Vaults:4 | Identified a +0 arbalest
 56446 | Vaults:4 | Identified a +0 giant club
 56446 | Vaults:4 | Identified a cursed -1 giant club
 56446 | Vaults:4 | Identified a +0 arbalest
 56454 | Vaults:4 | Identified a +0 giant club
 56454 | Vaults:4 | Identified a +0 giant club
 56457 | Vaults:4 | Identified a +0 giant club
 56457 | Vaults:4 | Identified a +0 giant spiked club
 56461 | Vaults:4 | Identified a +0 arbalest
 56462 | Vaults:4 | Identified a +0 arbalest
 56465 | Vaults:4 | Identified a cursed +0 club
 56465 | Vaults:4 | Identified a +0 robe
 56471 | Vaults:4 | Identified a +0 giant club
 56476 | Vaults:4 | Identified a +0 giant club
 56509 | Vaults:4 | Reached skill level 18 in Fighting
 56620 | Vaults:4 | Identified a +0 halberd
 56620 | Vaults:4 | Identified a +0 robe
 56620 | Vaults:4 | Identified a +0 dire flail
 56620 | Vaults:4 | Identified a +0 giant spiked club
 56620 | Vaults:4 | Identified a +0 giant club
 56620 | Vaults:4 | Identified a +0 giant club
 56620 | Vaults:4 | Identified a +0 giant club
 56621 | Vaults:4 | Identified a +0 giant spiked club
 56621 | Vaults:4 | Identified a +0 giant club
 56621 | Vaults:4 | Identified a +0 giant spiked club
 56621 | Vaults:4 | Identified a +0 giant spiked club
 56622 | Vaults:4 | Identified a +0 giant club
 56623 | Vaults:4 | Identified a +0 giant club
 56623 | Vaults:4 | Identified a +0 giant club
 56640 | Vaults:4 | Identified a +0 morningstar
 56640 | Vaults:4 | Identified a +0 ring mail
 56680 | Vaults:4 | Identified a +2 great sword of pain
 56680 | Vaults:4 | Identified a +0 chain mail
 56691 | Vaults:4 | Identified a +0 giant spiked club
 56691 | Vaults:4 | Identified a +0 giant club
 56695 | Vaults:4 | Identified a +0 dire flail
 56695 | Vaults:4 | Identified a +0 ring mail
 56713 | Vaults:4 | Identified a +0 short sword
 56713 | Vaults:4 | Identified a +2 arbalest of freezing
 56714 | Vaults:4 | Identified a +0 arbalest
 56727 | Vaults:4 | Identified a +0 arbalest
 56730 | Vaults:4 | HP: 35/141 [yaktaur captain/bolt (17)]
 57314 | Vaults:4 | Identified a +0 giant club
 57314 | Vaults:4 | Identified a +0 dire flail
 57316 | Vaults:4 | Identified a +0 giant club
 57316 | Vaults:4 | Identified a +0 giant spiked club
 57319 | Vaults:4 | Identified a +0 giant spiked club
 57319 | Vaults:4 | Identified a +0 giant club
 57320 | Vaults:4 | Identified a +0 giant spiked club
 57320 | Vaults:4 | Identified a cursed -1 giant club
 57321 | Vaults:4 | Identified a +0 club
 57321 | Vaults:4 | Identified a +0 robe
 57323 | Vaults:4 | Identified a +0 giant club
 57332 | Vaults:4 | Identified a +0 giant club
 57337 | Vaults:4 | Identified a +0 giant club
 57338 | Vaults:4 | Identified a +0 flail
 57338 | Vaults:4 | Identified a +0 leather armour
 57345 | Vaults:4 | Identified a +0 morningstar
 57345 | Vaults:4 | Identified a +0 scale mail
 57348 | Vaults:4 | Reached XP level 22. HP: 143/147 MP: 30/30
 57350 | Vaults:4 | Identified a +0 eudemon blade of holy wrath
 57350 | Vaults:4 | Identified a +0 large shield
 57350 | Vaults:4 | Noticed Mennas
 57849 | Depths:1 | Entered Level 1 of the Depths
 57869 | Depths:1 | Identified a +0 arbalest
 57871 | Depths:1 | Identified a +0 arbalest
 57872 | Depths:1 | Identified a +0 arbalest
 57874 | Depths:1 | Identified a +0 arbalest
 57876 | Depths:1 | Identified a +0 arbalest
 57883 | Depths:1 | Reached skill level 11 in Evocations
 57888 | Depths:1 | Reached skill level 20 in Crossbows
 58128 | Depths:1 | Identified a ring of dexterity (You found it on level 1 of
                  | the Depths)
 58461 | Depths:1 | Found a one-way gate to the infinite horrors of the Abyss.
 58474 | Depths:1 | Identified a +0 trident
 58522 | Depths:1 | Found a gateway to Hell.
 58664 | Depths:1 | Identified a +0 arbalest
 58664 | Depths:1 | Identified a +0 arbalest
 58664 | Depths:1 | Identified a +0 arbalest of freezing
 58670 | Depths:1 | Paralysed by a great orb of eyes for 6 turns
 59002 | Depths:1 | Identified a +0 arbalest
 59215 | Depths:1 | Identified a +0 whip
 59215 | Depths:1 | Identified a +0 robe
 59398 | Depths:1 | Found a shattered altar of Ashenzari.
 59502 | Depths:1 | Identified +0 fire dragon scales
 59670 | Depths:1 | Identified +0 ice dragon scales
 59850 | Depths:2 | Found a one-way gate leading to the halls of Pandemonium.
 59879 | Depths:2 | Identified a +0 long sword
 59879 | Depths:2 | Identified a +0 leather armour
 59879 | Depths:2 | Identified a +0 buckler
 59879 | Depths:2 | Identified a +3 long sword of slicing
 59879 | Depths:2 | Identified a +0 ring mail
 59879 | Depths:2 | Identified a +2 buckler of resistance
 59893 | Depths:2 | Reached skill level 12 in Evocations
 59896 | Depths:2 | Received a gift from Trog
 59966 | Depths:2 | Identified a +2 war axe of flaming
 59966 | Depths:2 | Identified a +0 scale mail
 59966 | Depths:2 | Identified a +2 buckler of resistance
 60118 | Depths:2 | Identified a +0 giant club
 60118 | Depths:2 | Identified a +0 giant club
 60118 | Depths:2 | Identified a +0 giant club
 60118 | Depths:2 | Identified a +0 giant spiked club
 60119 | Depths:2 | Identified a +0 giant club
 60120 | Depths:2 | Identified a +0 halberd
 60120 | Depths:2 | Identified a +0 robe
 60123 | Depths:2 | Identified a +0 giant club
 60123 | Depths:2 | Identified a +0 giant club
 60126 | Depths:2 | Identified a +0 giant club
 60126 | Depths:2 | Identified a +0 giant spiked club
 60127 | Depths:2 | Identified a cursed -3 giant club
 60127 | Depths:2 | Identified a +0 giant club
 60203 | Depths:2 | Identified a +0 dire flail
 60203 | Depths:2 | Identified a +0 dire flail
 60212 | Depths:2 | Identified a +0 robe
 60471 | Depths:2 | Identified a +0 robe
 60673 | Depths:2 | Identified a +0 trident
 60673 | Depths:2 | Identified a cursed +0 robe
 60673 | Depths:2 | Identified a +0 halberd
 60673 | Depths:2 | Identified a +0 shortbow
 60767 | Depths:2 | Identified +0 ice dragon scales
 60791 | Depths:2 | Reached skill level 13 in Evocations
 60908 | Depths:2 | Identified a +2 battleaxe of freezing
 60908 | Depths:2 | Identified a +0 whip
 60908 | Depths:2 | Identified a +0 robe
 60910 | Depths:2 | Identified a +0 club
 60910 | Depths:2 | Identified a +0 robe
 60936 | Depths:2 | Identified a +0 troll leather armour
 60954 | Depths:1 | Reached skill level 21 in Crossbows
 61269 | Depths:2 | Identified +0 ice dragon scales
 61366 | Depths:2 | Identified a +3 arbalest of velocity (Trog gifted it to you
                  | on level 2 of the Depths)
 61655 | Depths:3 | Identified a +0 morningstar
 61656 | Depths:3 | Identified a +0 flail
 61662 | Depths:3 | Identified a +0 morningstar
 61665 | Depths:3 | Received a gift from Trog
 61676 | Depths:3 | Identified a cursed -3 great mace
 61781 | Depths:3 | Identified a +2 vampiric short sword
 61846 | Depths:3 | Identified a cursed +0 robe
 62153 | Depths:3 | Received a gift from Trog
 62166 | Depths:3 | HP: 33/147 [merfolk (glowing shapeshifter)] (6)]
 62493 | Depths:3 | Noticed an entropy weaver
 62589 | Depths:3 | Noticed a caustic shrike
 62590 | Depths:3 | Noticed a golden dragon
 62590 | Depths:3 | a caustic shrike changed into a golden dragon
 62595 | Depths:3 | Noticed a shard shrike
 62597 | Depths:3 | a shard shrike changed into an iron giant
 62600 | Depths:3 | Noticed a caustic shrike
 62600 | Depths:3 | an iron giant changed into a caustic shrike
 62605 | Depths:3 | Noticed a golden dragon
 62605 | Depths:3 | a caustic shrike changed into a golden dragon
 62614 | Depths:3 | a golden dragon changed into an iron giant
 62788 | Depths:3 | Identified a +3 dire flail of holy wrath
 62834 | Depths:3 | Reached skill level 22 in Crossbows
 63007 | Depths:3 | Reached XP level 23. HP: 94/152 MP: 21/32
 63345 | Depths:3 | Identified a +2 scimitar of protection
 63606 | Depths:3 | Identified a +1 morningstar of protection
 63606 | Depths:3 | Identified a +0 battleaxe of chopping
 63615 | Depths:3 | Identified a +2 halberd of flaming
 63634 | Depths:3 | Identified a +2 glaive of protection
 63650 | Depths:3 | Identified a +1 halberd of venom
 63677 | Depths:3 | Identified a +0 mace of protection
 63758 | Depths:3 | Identified a +1 trident of venom
 63820 | Depths:3 | Identified a +1 antimagic halberd
 64201 | Depths:3 | Found a gateway to a ziggurat.
 64210 | Depths:3 | Identified an amulet of inaccuracy (You found it on level 3
                  | of the Depths)
 64242 | Depths:3 | Got a crude pewter ring
 64285 | Depths:3 | Identified a +0 dire flail
 64369 | Depths:3 | Got a faintly glowing plate armour
 64370 | Depths:3 | Identified the +9 plate armour of Happiness {Dex+3} (You
                  | found it on level 3 of the Depths)
 64371 | Depths:3 | Identified the ring "Vessit" {rF+ Slay+2} (You found it on
                  | level 3 of the Depths)
 64379 | Depths:3 | Got a jewelled flail
 64793 | Depths:4 | Identified a +0 great sword
 64793 | Depths:4 | Identified a +0 ring mail
 64793 | Depths:4 | Identified a +0 giant club
 64794 | Depths:4 | Identified a +0 robe
 64795 | Depths:4 | Identified a cursed +0 giant club
 64795 | Depths:4 | Identified a +0 giant club
 64795 | Depths:4 | Identified a +0 arbalest
 64797 | Depths:4 | Identified a +0 giant club
 64797 | Depths:4 | Identified a +0 giant club
 64806 | Depths:3 | Identified a +0 troll leather armour
 64989 | Depths:4 | Identified a +0 shortbow of flaming
 64994 | Depths:4 | Identified a +0 shortbow of flaming
 65014 | Depths:4 | Reached skill level 23 in Crossbows
 65016 | Depths:4 | Identified a +0 spear of flaming
 65016 | Depths:4 | Identified a +0 spear
 65016 | Depths:4 | Identified a +0 blowgun
 65017 | Depths:4 | Identified a cursed +0 rapier
 65017 | Depths:4 | Identified a +0 animal skin
 65018 | Depths:4 | Identified a +0 flail
 65018 | Depths:4 | Identified a +0 animal skin
 65029 | Depths:4 | Identified a +1 great sword of flaming
 65032 | Depths:4 | Identified a +0 arbalest
 65032 | Depths:4 | Identified a +0 arbalest
 65036 | Depths:4 | Identified a +1 battleaxe of freezing
 65252 | Depths:4 | Received a gift from Trog
 65492 | Depths:4 | Identified a +1 battleaxe
 65492 | Depths:4 | Identified a +0 plate armour
 65497 | Depths:4 | Received a gift from Trog
 65498 | Depths:4 | Identified a +0 troll leather armour
 65507 | Depths:4 | Identified a +0 troll leather armour
 65682 | Depths:4 | Identified a +0 troll leather armour
 65729 | Depths:4 | Identified a +0 halberd
 65729 | Depths:4 | Identified a +0 robe
 66210 | Depths:4 | Identified a +0 troll leather armour
 66302 | Depths:4 | Identified a +0 dagger
 66302 | Depths:4 | Identified a +0 leather armour
 66304 | Depths:4 | Noticed a golden dragon
 66307 | Depths:4 | Identified a +2 battleaxe of freezing
 66314 | Depths:4 | Killed a golden dragon
 66330 | Depths:4 | Noticed a lich
 66378 | Depths:4 | Killed a lich
 66378 | Depths:4 | Reached skill level 24 in Crossbows
 66384 | Depths:4 | Identified the +8 mace of the Blessed Realm {crush, rElec
                  | MR+ Str+4 Dex+3}
 66384 | Depths:4 | Identified a +0 chain mail of cold resistance
 66384 | Depths:4 | Identified a +1 shield of poison resistance
 66384 | Depths:4 | Identified an uncursed amulet of magic regeneration
 66400 | Depths:4 | Noticed a lich
 66411 | Depths:4 | Identified a +0 flail
 66411 | Depths:4 | Identified a +0 robe
 66411 | Depths:4 | Identified a cursed -1 giant club
 66411 | Depths:4 | Identified a +0 giant club
 66411 | Depths:4 | Identified a +0 giant spiked club
 66411 | Depths:4 | Identified a +0 dire flail
 66411 | Depths:4 | Identified a +0 giant club
 66411 | Depths:4 | Identified a cursed -2 giant club
 66411 | Depths:4 | Identified a +0 giant club
 66411 | Depths:4 | Identified a +0 giant club
 66411 | Depths:4 | Identified a +0 giant spiked club
 66412 | Depths:4 | Identified a +0 giant club
 66412 | Depths:4 | Identified a +0 giant club
 66419 | Depths:4 | HP: 38/152 [ogre mage/crystal spear (16)]
 66798 | Depths:4 | Identified a +0 battleaxe of freezing
 66904 | Depths:4 | Noticed a golden dragon
 66907 | Depths:4 | Killed a golden dragon
 66952 | Depths:4 | Noticed a caustic shrike
 66953 | Depths:4 | Identified +0 ice dragon scales
 66953 | Depths:4 | Noticed a caustic shrike
 66955 | Depths:4 | Noticed a caustic shrike
 66955 | Depths:4 | Noticed a caustic shrike
 66955 | Depths:4 | Identified a +1 battleaxe of freezing
 66962 | Depths:4 | Killed a caustic shrike
 66966 | Depths:4 | HP: 28/152 [lich/iron shot (36)]
 67687 | Vaults:4 | Killed Mennas
 67687 | Vaults:4 | Reached XP level 24. HP: 141/157 MP: 29/32
 67769 | Vaults:4 | Found an iron altar of Okawaru.
 67822 | Vaults:4 | Identified a +2 great sword
 67822 | Vaults:4 | Identified a +0 chain mail
 67822 | Vaults:4 | Noticed Jory
 67825 | Vaults:4 | Identified a +0 great sword of slicing
 67825 | Vaults:4 | Identified a +0 scale mail
 67834 | Vaults:4 | Killed Jory
 68101 | Vaults:4 | Reached skill level 25 in Crossbows
 68145 | Vaults:4 | Identified a +0 club
 68145 | Vaults:4 | Identified a +0 robe
 68150 | Vaults:4 | Identified a +0 giant club
 68154 | Vaults:4 | Identified a +0 giant club
 68154 | Vaults:4 | Identified a +0 giant spiked club
 68156 | Vaults:4 | Identified a +0 giant spiked club
 68565 | Vaults:4 | Found Cepheono's Book Boutique.
 68570 | Vaults:4 | Bought a manual of Fighting for 1987 gold pieces
 68609 | Vaults:4 | Identified a +1 great sword of slicing
 68609 | Vaults:4 | Identified a +4 arbalest
 68609 | Vaults:4 | Identified a +0 plate armour
 68609 | Vaults:4 | Identified a +2 arbalest of flaming
 68609 | Vaults:4 | Identified a +0 arbalest
 68609 | Vaults:4 | Identified a +0 arbalest
 68609 | Vaults:4 | Identified a +0 arbalest
 68609 | Vaults:4 | Identified a +0 arbalest
 68609 | Vaults:4 | Identified a +0 dagger
 68609 | Vaults:4 | Identified a +0 leather armour
 68609 | Vaults:4 | Identified a +2 rapier of electrocution
 68610 | Vaults:4 | Identified a +0 dire flail
 68610 | Vaults:4 | Identified a +0 ring mail
 68610 | Vaults:4 | Identified a +0 rapier
 68614 | Vaults:4 | Identified a +0 long sword
 68634 | Vaults:4 | Received a gift from Trog
 69092 | Vaults:4 | Identified a +0 battleaxe
 69092 | Vaults:4 | Identified a +0 plate armour
 69092 | Vaults:4 | Identified a +0 dire flail
 69092 | Vaults:4 | Identified a +0 plate armour
 69092 | Vaults:4 | Identified a +0 great mace
 69092 | Vaults:4 | Identified a +0 scale mail
 69093 | Vaults:4 | Identified a +0 dire flail
 69093 | Vaults:4 | Identified a +0 leather armour
 69096 | Vaults:4 | Identified a +0 giant club
 69096 | Vaults:4 | Identified a +0 giant club
 69097 | Vaults:4 | Identified a +0 dire flail
 69097 | Vaults:4 | Identified a +0 ring mail
 69098 | Vaults:4 | Identified a +0 arbalest
 69099 | Vaults:4 | Identified a +0 arbalest
 69282 | Vaults:4 | Identified a cursed -3 giant spiked club
 69282 | Vaults:4 | Identified a +0 giant club
 69282 | Vaults:4 | Identified a +0 giant spiked club
 69282 | Vaults:4 | Identified a +0 giant club
 69282 | Vaults:4 | Identified a +0 robe
 69283 | Vaults:4 | Identified a +0 flail
 69283 | Vaults:4 | Identified a +0 robe
 69283 | Vaults:4 | Identified a +0 flail
 69283 | Vaults:4 | Identified a +0 leather armour
 69285 | Vaults:4 | Identified a +0 giant club
 69285 | Vaults:4 | Identified a +0 giant club
 69287 | Vaults:4 | Identified a +0 giant spiked club
 69288 | Vaults:4 | Identified a +0 dire flail
 69288 | Vaults:4 | Identified a +0 giant spiked club
 69290 | Vaults:4 | Identified a +0 giant club
 69301 | Vaults:4 | Identified a +0 club
 69301 | Vaults:4 | Identified a +0 robe
 69303 | Vaults:4 | Received a gift from Trog
 69303 | Vaults:4 | Identified a +0 great mace
 69303 | Vaults:4 | Identified a +0 chain mail
 69340 | Vaults:4 | Identified a +0 giant club
 69340 | Vaults:4 | Identified a +0 great mace
 69348 | Vaults:4 | Identified a +0 club
 69348 | Vaults:4 | Identified a +0 leather armour
 69501 | Vaults:4 | Identified a +0 giant club
 69556 | Vaults:4 | Identified an amulet of harm (You acquired it on level 4 of
                  | the Vaults)
 69562 | Vaults:4 | Identified a +0 giant club
 69577 | Vaults:4 | Identified a +0 mace
 69577 | Vaults:4 | Identified a +0 scale mail
 69579 | Vaults:4 | Identified a +0 shortbow
 69586 | Vaults:4 | Identified a +0 giant club
 69587 | Vaults:4 | Identified a +0 giant club
 69587 | Vaults:4 | Identified a +0 giant club
 69587 | Vaults:4 | Identified a +0 giant spiked club
 69590 | Vaults:4 | Identified a +2 halberd of protection
 69590 | Vaults:4 | Identified a +0 chain mail
 69590 | Vaults:4 | Identified a +0 giant club
 69590 | Vaults:4 | Identified a +0 giant spiked club
 69591 | Vaults:4 | Identified a +0 war axe
 69592 | Vaults:4 | Identified a +0 giant club
 69592 | Vaults:4 | Identified a +0 giant club
 69593 | Vaults:4 | Identified a +0 arbalest
 69596 | Vaults:4 | Identified a +0 giant club
 69596 | Vaults:4 | Identified a +0 giant club
 69597 | Vaults:4 | Identified a +0 arbalest
 69600 | Vaults:4 | Identified a +0 arbalest
 69601 | Vaults:4 | Identified a +0 giant spiked club
 69608 | Vaults:4 | Identified a +0 arbalest
 69608 | Vaults:4 | Identified a +0 flail
 69608 | Vaults:4 | Identified a +0 plate armour
 69628 | Vaults:4 | Reached skill level 26 in Crossbows
 70372 | Elf:1    | Entered Level 1 of the Elven Halls
 70376 | Elf:1    | Identified a +0 dagger
 70376 | Elf:1    | Identified a +0 leather armour
 70376 | Elf:1    | Identified a +0 short sword
 70380 | Elf:1    | Identified a +0 long sword
 70414 | Elf:1    | Identified a +2 dagger of venom
 70507 | Elf:1    | Identified a +0 dagger
 70507 | Elf:1    | Identified a +0 longbow
 70507 | Elf:1    | Identified a +0 leather armour
 70521 | Elf:1    | Identified a +0 short sword
 70554 | Elf:1    | Got a ripped robe
 70624 | Elf:1    | Identified a +0 long sword
 70624 | Elf:1    | Identified a +0 leather armour
 70712 | Elf:1    | Found a portal to a secret trove of treasure.
 70735 | Elf:1    | Identified a +1 long sword of slicing
 70735 | Elf:1    | Identified a +0 long sword
 70955 | Elf:1    | Identified a +0 rapier
 70961 | Elf:1    | Identified a +0 short sword
 70961 | Elf:1    | Identified a +0 shortbow
 70961 | Elf:1    | Identified a +0 leather armour
 70970 | Elf:1    | Identified a +0 dagger
 70970 | Elf:1    | Identified a +0 scale mail
 70973 | Elf:1    | Identified a +0 long sword
 70973 | Elf:1    | Identified a +0 ring mail
 70986 | Elf:1    | Identified a +0 dagger
 70986 | Elf:1    | Identified a +0 robe
 71041 | Elf:1    | Identified a +0 dagger
 71041 | Elf:1    | Identified a +1 shortbow of freezing
 71041 | Elf:1    | Identified a +0 leather armour
 71046 | Elf:1    | Identified a +0 rapier
 71046 | Elf:1    | Identified a +0 chain mail
 71048 | Elf:1    | Identified a +0 long sword
 71050 | Elf:1    | Identified a +0 dagger
 71050 | Elf:1    | Identified a +0 chain mail
 71052 | Elf:1    | Identified a +0 dagger
 71052 | Elf:1    | Identified a cursed +0 robe
 71053 | Elf:1    | Reached skill level 19 in Fighting
 71334 | Elf:1    | Identified the Collected Works on Stolen Souls
 71510 | Elf:2    | Identified a +1 long sword of protection
 71531 | Elf:2    | Identified a +0 dagger of protection
 71550 | Elf:2    | Identified a +3 war axe of venom
 71639 | Elf:2    | Identified a +0 long sword
 71669 | Elf:2    | Identified a +0 short sword
 71669 | Elf:2    | Identified a +0 longbow
 71669 | Elf:2    | Identified a +0 leather armour
 71713 | Elf:2    | Identified a +1 mace of protection
 71713 | Elf:2    | Identified a +0 rapier
 71713 | Elf:2    | Identified a +0 leather armour
 71713 | Elf:2    | Identified a +0 scimitar
 71713 | Elf:2    | Identified a +2 long sword of holy wrath
 71713 | Elf:2    | Identified a +0 leather armour
 71713 | Elf:2    | Identified a +0 short sword
 71713 | Elf:2    | Identified a +0 chain mail
 71713 | Elf:2    | Identified a cursed +0 buckler
 71713 | Elf:2    | Identified a +0 short sword
 71713 | Elf:2    | Identified a +0 dagger
 71714 | Elf:2    | Identified a +3 hand axe of distortion
 71885 | Elf:2    | Identified a +3 morningstar of protection
 71886 | Elf:2    | Identified a +0 dagger
 71886 | Elf:2    | Identified a +0 shortbow
 71886 | Elf:2    | Identified a +0 leather armour
 71888 | Elf:2    | Identified a +0 long sword
 71888 | Elf:2    | Identified a +0 buckler
 71889 | Elf:2    | Identified a +0 long sword
 71889 | Elf:2    | Identified a +0 leather armour
 71890 | Elf:2    | Identified a +0 short sword
 71894 | Elf:2    | Identified a +0 short sword
 71894 | Elf:2    | Identified a +0 buckler
 71897 | Elf:2    | Identified a +0 long sword
 71897 | Elf:2    | Identified a +0 leather armour
 72050 | Elf:2    | Identified a ring of intelligence (You found it on level 2
                  | of the Elven Halls)
 72098 | Elf:2    | Identified a +9 dagger
 72115 | Elf:2    | Found a runed gate.
 72115 | Elf:2    | Found a runed gate.
 72115 | Elf:2    | Found a runed gate.
 72171 | Elf:2    | Identified a cursed -3 short sword
 72238 | Elf:2    | Identified a +0 rapier
 72240 | Elf:2    | Reached skill level 20 in Fighting
 72250 | Elf:2    | Identified a +6 trident of freezing
 72251 | Elf:2    | Identified a +0 shortbow
 72251 | Elf:2    | Identified a cursed -1 ring mail
 72254 | Elf:2    | Identified a +2 vampiric trident
 72255 | Elf:2    | Identified a +0 dagger
 72255 | Elf:2    | Identified a +0 leather armour
 72259 | Elf:2    | Identified a +0 long sword of slicing
 72260 | Elf:2    | Identified a +0 short sword
 72260 | Elf:2    | Identified a +0 ring mail
 72327 | Elf:2    | Identified a +1 short sword of electrocution
 72329 | Elf:2    | Received a gift from Trog
 72436 | Elf:2    | Identified a +0 rapier
 72436 | Elf:2    | Identified a +0 chain mail
 72438 | Elf:2    | Identified a +0 rapier
 72438 | Elf:2    | Identified a +0 rapier
 72438 | Elf:2    | Identified a +0 leather armour
 72465 | Elf:2    | Identified a +0 dagger
 72535 | Elf:2    | Identified a +4 vampiric battleaxe
 72537 | Elf:2    | Identified a +6 war axe of electrocution
 72541 | Elf:2    | Identified a +0 lajatang of flaming
 72558 | Elf:2    | Identified a +2 hand axe of draining
 72581 | Elf:2    | Identified a +1 war axe of draining
 72606 | Elf:2    | Identified a +1 long sword of holy wrath
 72606 | Elf:2    | Identified a +0 shortbow
 72607 | Elf:2    | Identified a +3 scimitar of protection
 72611 | Elf:2    | Identified a +0 dagger
 72611 | Elf:2    | Identified a +0 ring mail
 72620 | Elf:2    | Identified a +0 long sword
 72631 | Elf:2    | Identified a +0 long sword
 72683 | Elf:2    | Identified a +0 long sword
 72683 | Elf:2    | Identified a +0 chain mail
 72688 | Elf:2    | Identified a +0 long sword
 72688 | Elf:2    | Identified a +0 shortbow
 72691 | Elf:2    | Identified a +2 battleaxe of venom
 72694 | Elf:2    | Reached skill level 21 in Fighting
 72706 | Elf:2    | Identified a +1 vampiric battleaxe
 72711 | Elf:2    | Reached XP level 25. HP: 171/171 MP: 32/32
 72855 | Elf:3    | Entered Level 3 of the Elven Halls
 72871 | Elf:3    | Identified a +0 short sword
 72874 | Elf:3    | Identified a +3 long sword of freezing
 72904 | Elf:3    | Identified a +0 long sword
 73004 | Elf:3    | Identified a +0 short sword of venom
 73004 | Elf:3    | Identified a +0 longbow
 73004 | Elf:3    | Identified a +0 leather armour
 73009 | Elf:3    | Identified a +0 dagger
 73009 | Elf:3    | Identified a +0 longbow
 73009 | Elf:3    | Identified a +0 leather armour
 73053 | Elf:3    | Identified a +0 long sword
 73105 | Elf:3    | Identified a +0 mace
 73105 | Elf:3    | Identified a +0 leather armour
 73106 | Elf:3    | Identified a +0 hand axe
 73106 | Elf:3    | Identified a +0 chain mail
 73108 | Elf:3    | Identified a +0 falchion
 73108 | Elf:3    | Identified a +0 leather armour
 73110 | Elf:3    | Identified a +0 trident
 73114 | Elf:3    | Identified a +0 great sword of holy wrath
 73114 | Elf:3    | Identified a +1 chain mail of fire resistance
 73114 | Elf:3    | Noticed Saint Roka
 73117 | Elf:3    | Identified a +0 glaive
 73117 | Elf:3    | Identified a +0 plate armour
 73119 | Elf:3    | Identified a +0 trident
 73122 | Elf:3    | Identified a +0 flail
 73122 | Elf:3    | Identified a +0 scale mail
 73124 | Elf:3    | Killed Saint Roka
 73125 | Elf:3    | Identified a +0 short sword
 73125 | Elf:3    | Identified a cursed +0 chain mail
 73419 | Elf:3    | Identified a +0 long sword
 73419 | Elf:3    | Identified a +0 leather armour
 73419 | Elf:3    | Noticed a deep elf demonologist
 73419 | Elf:3    | Identified a +0 rapier
 73419 | Elf:3    | Identified a +0 ring mail
 73419 | Elf:3    | Noticed a deep elf demonologist
 73421 | Elf:3    | Identified a +4 long sword of protection
 73421 | Elf:3    | Identified a +0 scimitar
 73421 | Elf:3    | Identified a +0 leather armour
 73421 | Elf:3    | Identified a +0 dagger
 73421 | Elf:3    | Identified a +0 leather armour
 73421 | Elf:3    | Noticed a deep elf demonologist
 73425 | Elf:3    | Identified a +0 long sword
 73425 | Elf:3    | Noticed a deep elf sorcerer
 73426 | Elf:3    | Identified a +0 long sword
 73426 | Elf:3    | Identified a +0 ring mail
 73426 | Elf:3    | Noticed a deep elf sorcerer
 73426 | Elf:3    | Noticed a Brimstone Fiend
 73430 | Elf:3    | Noticed an Ice Fiend
 73717 | Elf:3    | Identified a +0 rapier
 73717 | Elf:3    | Identified a +0 leather armour
 73717 | Elf:3    | Noticed a deep elf sorcerer
 73720 | Elf:3    | Killed a deep elf sorcerer
 73730 | Elf:3    | Identified a +0 long sword
 73733 | Elf:3    | Received a gift from Trog
 73753 | Elf:3    | Identified a +0 dagger
 73754 | Elf:3    | Identified a +2 dagger of pain
 73754 | Elf:3    | Identified a +0 ring mail
 73757 | Elf:3    | Killed a deep elf demonologist
 73775 | Elf:3    | Identified a +0 long sword
 73775 | Elf:3    | Identified a +0 ring mail
 73776 | Elf:3    | Identified a +0 long sword
 73776 | Elf:3    | Identified a +0 leather armour
 73779 | Elf:3    | Identified a +0 dagger of speed
 73779 | Elf:3    | Identified a +0 scale mail
 73785 | Elf:3    | Identified a +0 rapier
 73785 | Elf:3    | Noticed a deep elf sorcerer
 73796 | Elf:3    | Killed a deep elf sorcerer
 73831 | Elf:3    | Identified a +0 dagger
 73837 | Elf:3    | Identified a cursed +0 rapier
 73837 | Elf:3    | Noticed a deep elf sorcerer
 73838 | Elf:3    | Killed a deep elf sorcerer
 73838 | Elf:3    | Reached skill level 22 in Fighting
 73839 | Elf:3    | Identified a +0 longbow
 73839 | Elf:3    | Identified a +0 leather armour
 73850 | Elf:3    | Killed a deep elf sorcerer
 73850 | Elf:3    | Identified a +0 rapier
 73850 | Elf:3    | Identified a +0 rapier
 73850 | Elf:3    | Identified a +0 leather armour
 74009 | Elf:3    | Identified a +0 short sword
 74009 | Elf:3    | Identified a +0 short sword
 74009 | Elf:3    | Identified a +0 scale mail
 74011 | Elf:3    | Identified a +0 long sword
 74017 | Elf:3    | Identified a +6 falchion of holy wrath
 74027 | Elf:3    | Killed a deep elf sorcerer
 74036 | Elf:3    | Identified a +0 long sword
 74055 | Elf:3    | Identified a +0 dagger
 74055 | Elf:3    | Noticed a deep elf sorcerer
 74057 | Elf:3    | Cast into level 2 of the Abyss (a deep elf sorcerer)
 74081 | Abyss:2  | Identified the +1 robe of Syndicalism {rElec Str+3 Int-3}
                  | (You found it on level 1 of the Elven Halls)
 74137 | Abyss:2  | Found a corrupted altar of Lugonu.
 74343 | Abyss:4  | Identified a +0 whip
 74493 | Abyss:4  | Identified a +0 dagger
 74493 | Abyss:4  | Identified a +0 robe
 74493 | Abyss:4  | Identified a +4 glaive of flaming
 74493 | Abyss:4  | Identified a +0 chain mail
 74493 | Abyss:4  | Identified a +2 great sword
 74493 | Abyss:4  | Identified a +0 chain mail
 74493 | Abyss:4  | Identified a +0 dagger
 74493 | Abyss:4  | Identified a +0 robe
 74493 | Abyss:4  | Identified a +5 broad axe of chopping
 74493 | Abyss:4  | Identified a +0 plate armour
 74493 | Abyss:4  | Identified a +4 demon whip of flaming
 74493 | Abyss:4  | Identified a +0 chain mail
 74494 | Abyss:4  | Identified a +3 demon blade of slicing
 74494 | Abyss:4  | Identified a +0 plate armour
 74507 | Abyss:4  | Reached skill level 21 in Dodging
 74699 | Abyss:4  | Received a gift from Trog
 74707 | Abyss:4  | Identified a +0 hand axe
 74707 | Abyss:4  | Identified a +0 robe
 74718 | Abyss:4  | Identified a cursed -1 war axe
 74718 | Abyss:4  | Identified a cursed +0 leather armour
 74719 | Abyss:4  | Identified a +1 dagger of freezing
 74719 | Abyss:4  | Identified a +0 robe
 74775 | Abyss:4  | Identified a +1 hand axe of electrocution
 74775 | Abyss:4  | Identified a +0 robe
 74838 | Abyss:4  | Reached skill level 22 in Dodging
 74889 | Abyss:4  | Identified a +0 hand axe
 74889 | Abyss:4  | Identified a cursed +0 leather armour
 75225 | Abyss:4  | Identified a +3 halberd of venom
 75242 | Abyss:4  | HP: 42/173 [bone dragon (2)]
 75246 | Abyss:4  | Reached XP level 26. HP: 48/179 MP: 11/26
 75257 | Abyss:4  | HP: 43/179 [bone dragon (7)]
 75438 | Abyss:4  | Reached skill level 23 in Dodging
 75441 | Abyss:4  | Identified a +0 mace
 75466 | Abyss:4  | HP: 34/179 [flayed ghost/flay_damage (19)]
 75547 | Abyss:4  | Received a gift from Trog
 75641 | Abyss:4  | Gained mutation: You are clumsy. (Dex -2) [a neqoxec]
 75665 | Abyss:4  | Paralysed by accursed screaming for 1 turns
 75693 | Abyss:4  | Identified a +0 rapier
 75693 | Abyss:4  | Noticed a deep elf sorcerer
 75695 | Abyss:4  | Killed a deep elf sorcerer
 75703 | Abyss:4  | HP: 40/179 [wretched star/orb of energy (16)]
 75714 | Abyss:4  | HP: 30/143 [smoke demon/divine providence (10)]
 75942 | Abyss:4  | Identified a +3 demon whip of freezing
 75965 | Abyss:4  | Paralysed by accursed screaming for 2 turns
 75973 | Abyss:4  | Paralysed by accursed screaming for 1 turns
 76096 | Abyss:4  | Identified a +2 whip of venom
 76254 | Abyss:4  | Found a corrupted altar of Lugonu.
 76265 | Abyss:4  | Identified a +3 scimitar of flaming
 76571 | Abyss:4  | Received a gift from Trog
 76654 | Abyss:4  | Reached skill level 24 in Dodging
 76728 | Abyss:4  | Identified a +2 antimagic demon whip
 76742 | Abyss:4  | HP: 41/179 [profane servitor/+2 antimagic demon whip (20)]
 76744 | Abyss:4  | HP: 18/179 [profane servitor/+2 antimagic demon whip (25)]
 76744 | Abyss:4  | Mangled by a profane servitor

Table legend:
 A = Turns spent in this place as a percentage of turns spent in the entire game.
 B = Non-inter-level travel turns spent in this place as a percentage of non-inter-level travel turns spent in the entire game.
 C = Inter-level travel turns spent in this place as a percentage of turns spent in this place.
 D = Turns resting spent in this place as a percentage of non-inter-level travel turns spent in this place.
 E = Turns spent auto-exploring this place as a percentage of non-inter-level travel turns spent in this place.
 F = Non-inter-level travel turns spent in this place divided by the number of levels of this place that you've seen.
                   A       B       C       D       E      F
               +-------+-------+-------+-------+-------+----------------------
         Total | 100.0 | 100.0 |   5.6 |  21.8 |  55.4 | 1541.0
       Dungeon |  25.3 |  24.9 |   7.2 |  17.6 |  60.9 | 1201.9
          Lair |  14.8 |  14.1 |   9.9 |  23.7 |  55.3 | 1707.8
         Swamp |   8.4 |   8.4 |   5.6 |  26.4 |  54.9 | 1517.5
   Spider Nest |   8.1 |   8.2 |   4.6 |  21.6 |  58.8 | 1484.0
  Orcish Mines |   2.8 |   2.8 |   6.2 |   7.7 |  65.6 | 1021.5
   Elven Halls |   4.8 |   5.0 |   2.5 |  22.1 |  60.1 | 1197.3
        Vaults |  18.6 |  18.8 |   4.7 |  21.0 |  60.2 | 3402.2
        Depths |  12.5 |  12.9 |   2.6 |  32.4 |  47.7 | 2340.5
         Abyss |   3.5 |   3.7 |   0.0 |  11.9 |   1.7 | 895.7
         Sewer |   0.6 |   0.7 |   0.0 |   0.0 |  59.1 | 482.0
       Volcano |   0.5 |   0.5 |   0.0 |  29.8 |  36.7 | 373.0
               +-------+-------+-------+-------+-------+----------------------

Table legend:
 A = Kills in this place as a percentage of kills in entire the game.
 B = Kills by you in this place as a percentage of kills by you in the entire game.
 C = Kills by friends in this place as a percentage of kills by friends in the entire game.
 D = Other kills in this place as a percentage of other kills in the entire game.
 E = Experience gained in this place as a percentage of experience gained in the entire game.
 F = Experience gained in this place divided by the number of levels of this place that you have seen.
                   A       B       C       D       E      F
               +-------+-------+-------+-------+-------+----------------------
         Total | 100.0 | 100.0 | 100.0 | 100.0 | 100.0 | 21042.8
       Dungeon |  21.5 |  21.9 |  12.1 |   0.0 |   6.8 | 4467.9
          Lair |   9.0 |   8.8 |  14.3 |   0.0 |   5.8 | 9533.0
         Swamp |   8.3 |   8.4 |   5.5 |  14.3 |   8.4 | 20836.5
   Spider Nest |   9.2 |   9.2 |   8.8 |   0.0 |   9.0 | 22187.5
  Orcish Mines |   5.7 |   4.4 |  37.4 |   0.0 |   1.1 | 5521.0
   Elven Halls |   5.6 |   5.8 |   0.0 |  28.6 |   9.4 | 31104.7
        Vaults |  17.3 |  17.1 |  22.0 |  28.6 |  25.9 | 64162.0
        Depths |  11.5 |  12.0 |   0.0 |   0.0 |  19.3 | 47818.0
         Abyss |  10.9 |  11.3 |   0.0 |  28.6 |  13.9 | 45707.3
         Sewer |   0.8 |   0.8 |   0.0 |   0.0 |   0.0 | 283.0
       Volcano |   0.3 |   0.3 |   0.0 |   0.0 |   0.3 | 3020.0
               +-------+-------+-------+-------+-------+----------------------

Skill      XL: |  1  2  3  4  5  6  7  8  9 10 11 12 13 14 15 16 17 18 19 20 21 22 23 24 25 26 |
---------------+-------------------------------------------------------------------------------+-----
Short Blades   | 5 6 7 8 9 10 11 12 | 12.1
Dodging        | 4 5 7 11 13 15 16 17 18 19 20 22 24 | 24.0
Fighting       | 4 6 7 10 11 13 14 16 18 21 22 | 22.0
Armour         | 2 4 5 7 8 10 11 12 13 | 13.0
Stealth        | 6 10 14 15 | 15.0
Crossbows      | 4 10 12 14 16 18 19 22 24 26 | 26.0
Evocations     | 6 10 13 | 13.0

Action                   |  1- 3 |  4- 6 |  7- 9 | 10-12 | 13-15 | 16-18 | 19-21 | 22-24 | 25-27 || total
-------------------------+-------+-------+-------+-------+-------+-------+-------+-------+-------++-------
Melee: Dagger            |    82 |   170 |   393 |       |       |       |       |       |       ||   645
       Short sword       |     1 |       |    52 |   773 |   754 |       |       |       |       ||  1580
       Quick blade       |       |       |       |       |   600 |   945 |   754 |   422 |    88 ||  2809
       Arbalest          |       |       |       |       |       |       |     2 |       |       ||     2
       Rapier            |       |       |       |       |       |       |       |    13 |       ||    13
 Fire: Arbalest          |       |       |       |     2 |    96 |   731 |  1173 |   988 |       ||  2990
       Triple crossbow   |       |       |       |       |       |       |       |   413 |   777 ||  1190
Invok: Berserk           |     3 |     2 |     5 |     6 |     7 |     2 |     3 |     3 |       ||    31
       Trog's Hand       |       |     1 |     1 |     1 |     1 |     3 |     8 |    14 |    29 ||    58
       Brothers in Arms  |       |       |       |     2 |     7 |     6 |     8 |     5 |       ||    28
 Abil: Evoke Invisibilit |       |       |       |       |       |       |     1 |     4 |       ||     5
Evoke: Wand              |       |       |       |       |       |       |       |     2 |       ||     2
  Use: Scroll            |       |       |     8 |    14 |    15 |     3 |    15 |    18 |    16 ||    89
       Potion            |       |       |       |       |     2 |       |     7 |    13 |    10 ||    32
 Stab: Sleeping          |       |       |       |    11 |    29 |     5 |       |       |       ||    45
       Petrified         |       |       |       |       |     4 |       |       |       |       ||     4
       Petrifying        |       |       |       |       |     3 |       |       |       |       ||     3
       Distracted        |       |       |       |       |       |     1 |     3 |       |       ||     4
       Invisible         |       |       |       |       |       |       |       |     9 |       ||     9
  Eat: Chunk             |    13 |     6 |    20 |    28 |    50 |    48 |    59 |    59 |    14 ||   297
       Ration            |       |       |       |       |       |     1 |       |       |     3 ||     4
Armor: Animal skin       |     7 |     8 |       |       |       |       |       |       |       ||    15
       Ring mail         |       |     8 |       |       |       |       |       |       |       ||     8
       Leather armour    |       |     7 |    49 |   135 |   242 |   218 |    51 |       |       ||   702
       Crystal plate arm |       |       |     4 |       |       |       |   825 |   368 |       ||  1197
       Plate armour      |       |       |       |       |       |       |       |   274 |   254 ||   528
       Robe              |       |       |       |       |       |       |       |       |    35 ||    35
Dodge: Dodged            |    56 |    78 |   177 |   382 |   719 |   902 |   974 |   810 |   667 ||  4765

Vanquished Creatures
  Mennas (Vaults:4)
  Saint Roka (Elf:3)
  A caustic shrike (Depths:4)
  2 golden dragons (Depths:4)
  3 bone dragons
  Jory (Vaults:4)
  Arachne (Spider:4)
  A Hell Sentinel (Abyss:4)
  A tentacled monstrosity (Depths:2)
  A deep elf master archer (Elf:3)
  Jorgrun (Swamp:3)
  A titan (Depths:3)
  A lich (Depths:4)
  3 deep elf blademasters
  An Executioner (Abyss:4)
  A sphinx (Vaults:3)
  7 tentacled starspawn
  Kirke (Swamp:3)
  3 thorn hunters
  A shadow dragon (shapeshifter) (Depths:3)
  A revenant (Vaults:2)
  5 frost giants
  3 tengu reavers
  7 deep elf sorcerers
  A draconian knight (Abyss:4)
  12 vault wardens
  A fire giant (Depths:4)
  A cacodemon (Abyss:4)
  6 ghost moths
  An iron dragon (Depths:4)
  2 deep elf elementalists (Elf:3)
  3 emperor scorpions (Spider:4)
  2 spriggan defenders (Depths:4)
  2 war gargoyles (Depths:3)
  8 stone giants
  A curse skull (Vaults:2)
  A reaper (Abyss:4)
  14 ironheart preservers
  15 very ugly things
  A vampire knight (Depths:4)
  An ophan (Abyss:4)
  4 entropy weavers
  A lorocyproca (Abyss:4)
  6 deep elf annihilators
  8 spark wasps
  A deep elf demonologist (Elf:3)
  A purple draconian (Abyss:4)
  A blizzard demon (Depths:3)
  A green death (Abyss:4)
  An eidolon (Abyss:4)
  5 deep elf death magi
  2 ettins
  3 jiangshi (Depths:2)
  10 fire dragons
  14 crystal guardians (Depths:3)
  4 great orbs of eyes
  7 yaktaur captains
  3 deep elf high priests
  A quicksilver dragon skeleton (Abyss:4)
  12 ice dragons
  2 spriggan air magi
  5 vault guards
  6 rakshasas
  A hell beast (Depths:1)
  2 catoblepae (Lair:6)
  2 shambling mangroves (Swamp:2)
  25 hydras
  6 centaur warriors
  2 ghost crabs
  56 two-headed ogres
  6 deep troll shamans
  32 dancing weapons
  8 alligators
  3 death knights
  2 vampire magi
  5 tengu warriors
  18 ogre magi
  2 spriggan berserkers (Depths:4)
  7 death yaks
  3 orc high priests
  An alligator (shapeshifter) (Depths:3)
  A deep troll earth mage (Vaults:3)
  3 hell hogs (Abyss:4)
  A sun demon (Abyss:4)
  A storm dragon zombie (D:15)
  16 thrashing horrors
  Nergalle (D:12)
  2 shadow wraiths
  16 deep elf knights
  13 wretched stars (Abyss:4)
  A soul eater (Depths:1)
  7 hell knights
  5 spatial maelstroms (Abyss:4)
  2 iron trolls
  2 fire crabs (Swamp:4)
  A storm dragon skeleton (Vaults:3)
  16 deep trolls
  11 skeletal warriors
  An unseen horror (shapeshifter) (Depths:1)
  A shadow demon (Abyss:4)
  A deep troll (shapeshifter) (Abyss:4)
  7 glowing orange brains
  4 flayed ghosts
  2 spriggan druids
  11 deep elf archers
  3 phantasmal warriors
  14 ironbrand convokers
  A lindwurm (Swamp:4)
  43 deep elf magi
  8 necromancers
  5 wizards
  11 swamp dragons
  3 obsidian statues (Depths:3)
  26 starcursed masses (Abyss:4)
  2 wolf spider zombies
  9 orc knights
  26 orb spiders
  9 harpies
  33 ugly things
  A shining eye (shapeshifter) (Depths:3)
  31 wolf spiders
  2 manticores (Lair:6)
  4 orc sorcerers
  2 salamanders (Depths:4)
  5 cyclopes
  6 worldbinders (Abyss:4)
  A moth of wrath (shapeshifter) (Vaults:3)
  4 elephants
  A manticore (shapeshifter) (Vaults:2)
  A moth of wrath (Spider:3)
  A shadow dragon skeleton (Abyss:4)
  2 fire giant zombies
  10 black mambas
  A sphinx skeleton (Vaults:3)
  A guardian serpent (Abyss:2)
  A rust devil (Depths:1)
  6 vault sentinels
  A torpor snail (shapeshifter) (Depths:3)
  5 torpor snails
  4 smoke demons (Abyss:4)
  5 gargoyles
  2 molten gargoyles
  17 spiny frogs
  12 small abominations
  6 centaur skeletons
  A human zombie (Vaults:3)
  A spiny frog (shapeshifter) (D:15)
  A komodo dragon (shapeshifter) (Depths:1)
  11 komodo dragons
  15 demonic crawlers
  2 kobold demonologists (D:12)
  A hellwing (Abyss:4)
  7 freezing wraiths
  52 yaktaurs
  A rime drake (Lair:6)
  A hellion (Abyss:4)
  A tengu conjurer (D:15)
  An efreet (D:14)
  An ice devil (Abyss:4)
  6 ancient zymes (Abyss:4)
  2 tormentors (Abyss:4)
  A merfolk (shapeshifter) (Depths:3)
  4 meliai (Abyss:4)
  5 trolls
  A red devil (Depths:1)
  A hydra zombie (Abyss:4)
  25 large abominations
  32 jumping spiders
  A polar bear (shapeshifter) (Depths:3)
  A meliai (shapeshifter) (Depths:2)
  A harpy zombie (Abyss:4)
  A silent spectre (Abyss:4)
  5 polar bears
  A wolf spider simulacrum (Vaults:1)
  12 tyrant leeches
  A jumping spider (shapeshifter) (Depths:3)
  A hydra skeleton (Abyss:4)
  20 raiju
  6 wind drakes (Depths:3)
  2 tengu simulacra (Vaults:3)
  34 slime creatures
  23 hornets
  A deep troll zombie (D:15)
  Grinder (D:4)
  6 bog bodies
  9 dream sheep
  12 blink frogs
  A dream sheep (shapeshifter) (Depths:3)
  8 hippogriffs
  A fire giant simulacrum (Abyss:4)
  9 air elementals
  7 flying skulls (Abyss:4)
  A spriggan (shapeshifter) (Vaults:1)
  A spriggan skeleton (D:15)
  A vampire (D:14)
  5 ynoxinuls (Abyss:4)
  10 spriggans
  3 shadows
  54 redbacks
  8 water elementals
  A hog (shapeshifter) (Depths:3)
  2 wraiths
  4 wyverns (D:10)
  40 yaks
  3 hogs (Swamp:3)
  5 basilisks
  A yak (shapeshifter) (Vaults:1)
  34 tarantellas
  A human simulacrum (Vaults:1)
  4 fire bats (Swamp:4)
  2 golden eyes (shapeshifter)
  3 hungry ghosts
  A spriggan simulacrum (Depths:1)
  5 steam dragons (Swamp:4)
  15 vampire mosquitoes
  4 neqoxecs (Abyss:4)
  A yaktaur simulacrum (Vaults:1)
  6 fire elementals
  3 chaos spawn (Abyss:4)
  10 spatial vortices (Abyss:4)
  10 wargs
  29 insubstantial wisps
  10 swamp worms
  13 water moccasins
  5 acid dragons
  5 porcupines
  A floating eye (shapeshifter) (Depths:3)
  33 orc warriors
  17 swamp drakes
  A sky beast (shapeshifter) (Depths:3)
  3 sky beasts
  An alligator simulacrum (Abyss:4)
  A black bear (D:8)
  3 eyes of draining
  4 ice beasts
  3 necrophages
  4 phantoms
  53 ogres
  14 wolves
  3 boggarts
  19 centaurs
  9 crocodiles
  A crocodile (shapeshifter) (Depths:3)
  5 big kobolds
  A spectral wyvern (D:13)
  5 elf zombies (Elf:1)
  15 bullfrogs
  13 earth elementals
  A gnoll sergeant (Orc:2)
  4 scorpions
  15 killer bees
  3 jellies
  2 water moccasin skeletons
  3 howler monkeys
  14 wights
  2 electric eels (Lair:5)
  A lava snake (Swamp:4)
  3 crimson imps
  2 bullfrog zombies
  7 centaur zombies
  38 orc priests
  10 hounds
  2 quasits
  2 bullfrog skeletons
  30 orc wizards
  4 iguanas
  2 iron imps (Abyss:4)
  Ijyb (D:5)
  3 worker ants
  A hound skeleton (D:9)
  4 worker ant zombies
  15 adders
  3 gnolls (Orc:2)
  A river rat (Sewer)
  4 shadow imps
  A white imp (Abyss:4)
  4 ufetubi
  An ooze (Sewer)
  An adder skeleton (D:4)
  4 worms
  7 ball lightnings (Depths:3)
  4 dart slugs
  4 leopard geckos
  128 orcs
  5 giant cockroaches
  7 goblins
  5 hobgoblins
  14 jackals
  4 quokkas
  2 ball pythons
  9 bats
  2 frilled lizards
  17 kobolds
  A leopard gecko skeleton (D:6)
  13 rats
  4 rat zombies (D:9)
  A crawling corpse (Elf:3)
  A plant (Lair:3)
  5 starspawn tentacles
2118 creatures vanquished.

Vanquished Creatures (collateral kills)
  Frances (D:14)
  Roxanne (Swamp:4)
  2 ironheart preservers
  A hydra (Swamp:4)
  A catoblepas (Lair:6)
  2 centaur warriors
  4 two-headed ogres
  3 death yaks (Lair:5)
  An ogre mage (Vaults:2)
  4 orc high priests (Orc:2)
  A deep troll (Vaults:3)
  An orc knight (D:14)
  5 ugly things (Vaults:3)
  4 wolf spiders
  A deep elf mage (Vaults:2)
  3 elephants (Lair:6)
  A spiny frog (Lair:5)
  6 yaktaurs
  A freezing wraith (Vaults:2)
  A guardian mummy (D:14)
  4 jumping spiders (Spider:4)
  2 blink frogs (Lair:6)
  3 slime creatures (Swamp:4)
  A redback (Spider:4)
  A shadow (Vaults:2)
  A warg (Orc:2)
  An acid dragon (D:13)
  2 water moccasins (Lair:5)
  An orc warrior (Orc:2)
  An ogre (Vaults:2)
  A centaur (D:14)
  10 orc priests (Orc:2)
  A hound (D:8)
  3 orc wizards (Orc:2)
  15 orcs (Orc:2)
91 creatures vanquished.

Vanquished Creatures (others)
  An ogre mage (Vaults:2)
  A thrashing horror (Abyss:4)
  A swamp dragon (Swamp:4)
  A deep elf archer (Elf:2)
  A deep elf mage (Elf:2)
  An orc knight (Vaults:3)
  A spiny frog (Swamp:4)
  A warg (Vaults:3)
  A swamp drake (Swamp:4)
  A boggart (Depths:1)
  2 small abominations (Abyss:4)
  A killer bee (Abyss:4)
  An orc priest (Orc:1)
  2 ufetubi (Abyss:4)
  3 ball lightnings (Depths:3)
  An orc (Orc:1)
  A briar patch (Swamp:4)
  4 bushes (Lair:6)
  17 fungi (Lair:6)
  A lurking horror (Abyss:4)
  22 plants
  12 starspawn tentacles
77 creatures vanquished.

Grand Total: 2286 creatures vanquished
